Workbook

Sheet Resumo
A1: Psicopedagogo - Regime de Tributação: Lucro Real
A2: ANEXO ---- do Pregão IFSul nº XX/2022 – Câmpus XXXXX PLANILHA DE CUSTOS E FORMAÇÃO DE PREÇOS
A3: Nº do processo: | H3: XXXX
A4: Licitação nº:
A5: Dia:
A6: DISCRIMINAÇÃO DOS SERVIÇOS (DADOS REFERENTES À CONTRATAÇÃO)
A7: A | B7: Data de apresentação da proposta (dia/mês/ano)
A8: B | B8: Município/UF | H8: Pelotas/RS
A9: C | B9: Ano do Acordo, Convenção ou Dissídio Coletivo | H9: SECRASO/RS - RS001505/2021
A10: D | B10: Número de meses de execução contratual | H10: 12
A11: RESUMO DA COMPOSIÇÃO DE PREÇOS ESTIMADO DA CONTRATAÇÃO
A13: CÂMPUS | B13: DESCRIÇÃO DO ITEM DE SERVIÇO | C13: UNIDADE DE MEDIDA | D13: QUANTIDADE DE POSTOS DE TRABALHO | E13: QUANTIDADE A SER REGISTRADA (12 MESES) | F13: VALOR MENSAL DO SERVIÇO (R$) | G13: VALOR TOTAL POR ITEM (R$) | H13: VALOR TOTAL DA CONTRATAÇÃO (R$)
A14: Reitoria | B14: Psicopedagogo | C14: Posto/ Mês | D14: ='Psicopedagogo- Reitoria'!I154 -> 1 | E14: =D14*12 -> 12 | F14: ='Psicopedagogo- Reitoria'!J145 -> 8466.34 | G14: =F14*E14 -> 101596.08 | H14: =SUM(G14:G28) -> 2964329.5
A15: Câmpus Pelotas | C15: Posto/ Mês | D15: ='Psicopedagogo - Pelotas'!I154 -> 3 | E15: =D15*12 -> 36 | F15: ='Psicopedagogo - Pelotas'!J145 -> 8466.34 | G15: =F15*E15 -> 304788.24
A16: Câmpus Pelotas-Visconde da Graça | C16: Posto/ Mês | D16: ='Psicopedagogo - CAVG'!I154 -> 3 | E16: =D16*12 -> 36 | F16: ='Psicopedagogo - CAVG'!J145 -> 8466.34 | G16: =F16*E16 -> 304788.24
A17: Câmpus Bagé | C17: Posto/ Mês | D17: ='Psicopedagogo - Bagé'!I154 -> 1 | E17: =D17*12 -> 12 | F17: ='Psicopedagogo - Bagé'!J145 -> 8466.34 | G17: =F17*E17 -> 101596.08
A18: Câmpus Camaquã | C18: Posto/ Mês | D18: ='Psicopedagogo - Camaquã'!I154 -> 1 | E18: =D18*12 -> 12 | F18: ='Psicopedagogo - Camaquã'!J145 -> 8514.32 | G18: =F18*E18 -> 102171.84
A19: Câmpus Charqueadas | C19: Posto/ Mês | D19: ='Psicopedagogo - Charqueadas'!I154 -> 2 | E19: =D19*12 -> 24 | F19: ='Psicopedagogo - Charqueadas'!J145 -> 8661.54 | G19: =F19*E19 -> 207876.96
A20: Câmpus Gravataí | C20: Posto/ Mês | D20: ='Psicopedagogo - Gravataí'!I154 -> 2 | E20: =D20*12 -> 24 | F20: ='Psicopedagogo - Gravataí'!J145 -> 8611.9 | G20: =F20*E20 -> 206685.6
A21: Câmpus Avançado Jaguarão | C21: Posto/ Mês | D21: ='Psicopedagogo - Jaguarão'!I154 -> 1 | E21: =D21*12 -> 12 | F21: ='Psicopedagogo - Jaguarão'!J145 -> 8562.82 | G21: =F21*E21 -> 102753.84
A22: Câmpus Lajeado | C22: Posto/ Mês | D22: ='Psicopedagogo - Lajeado'!I154 -> 1 | E22: =D22*12 -> 12 | F22: ='Psicopedagogo - Lajeado'!J145 -> 8514.32 | G22: =F22*E22 -> 102171.84
A23: Câmpus Avançado Novo Hamburgo | C23: Posto/ Mês | D23: ='Psicopedagogo - Novo Hamburgo'!I154 -> 1 | E23: =D23*12 -> 12 | F23: ='Psicopedagogo - Novo Hamburgo'!J145 -> 8466.34 | G23: =F23*E23 -> 101596.08
A24: Câmpus Passo Fundo | C24: Posto/ Mês | D24: ='Psicopedagogo - Passo Fundo'!I154 -> 2 | E24: =D24*12 -> 24 | F24: ='Psicopedagogo - Passo Fundo'!J145 -> 8466.34 | G24: =F24*E24 -> 203192.16
A25: Câmpus Santana do Livramento | C25: Posto/ Mês | D25: ='Psicopedagogo - Santana'!I154 -> 1 | E25: =D25*12 -> 12 | F25: ='Psicopedagogo - Santana'!J145 -> 8562.82 | G25: =F25*E25 -> 102753.84
A26: Câmpus Sapiranga | C26: Posto/ Mês | D26: ='Psicopedagogo - Sapiranga'!I154 -> 6 | E26: =D26*12 -> 72 | F26: ='Psicopedagogo - Sapiranga'!J145 -> 8466.34 | G26: =F26*E26 -> 609576.48
A27: Câmpus Sapucaia do Sul | C27: Posto/ Mês | D27: ='Psicopedagogo - Sapucaia'!I154 -> 3 | E27: =D27*12 -> 36 | F27: ='Psicopedagogo - Sapucaia'!J145 -> 8611.9 | G27: =F27*E27 -> 310028.4
A28: Câmpus Venâncio Aires | C28: Posto/ Mês | D28: ='Psicopedagogo - Venâncio'!I154 -> 1 | E28: =D28*12 -> 12 | F28: ='Psicopedagogo - Venâncio'!J145 -> 8562.82 | G28: =F28*E28 -> 102753.84
A30: QUANTIDADE DE PESSOAL ALOCADO NA EXECUÇÃO CONTRATUAL (item 6.2.e do Anexo VII da IN nº 5/2017
A31: Tipo de Mão de Obra | H31: Quantidade de Pessoal
A32: Psicopedagogo | H32: =SUM(D14:D28) -> 29

Sheet Psicopedagogo- Reitoria
A1: Psicopedagogo - Regime de Tributação: Lucro Real
A2: ANEXO ---- do Pregão IFSul nº XX/2022 – Câmpus XXXXX PLANILHA DE CUSTOS E FORMAÇÃO DE PREÇOS
A3: Nº do processo: | H3: XXXX
A4: Licitação nº:
A5: Dia:
A6: DISCRIMINAÇÃO DOS SERVIÇOS (DADOS REFERENTES À CONTRATAÇÃO)
A7: A | B7: Data de apresentação da proposta (dia/mês/ano)
A8: B | B8: Município/UF | H8: Pelotas/RS
A9: C | B9: Ano do Acordo, Convenção ou Dissídio Coletivo | H9: SECRASO/RS - RS001505/2021
A10: D | B10: Número de meses de execução contratual | H10: 12
A11: IDENTIFICAÇÃO DO SERVIÇO
A12: 1. MÓDULOS Mão de obra Mão de obra vinculada à execução contratual
A15: Dados para composição dos custos referente à mão de obra
A16: 1 | B16: Tipo de Serviço (mesmo serviço com características distintas) | H16: Psicopedagogo
A17: 2 | B17: Classificação Brasileira de Ocupações (CBO) | H17: 2394-25
A18: 3 | B18: Salário Normativo da Categoria Profissional - para a jornada de 44 h/sem | H18: 4128.02
A19: 4 | B19: Categoria Profissional (vinculada à execução contratual) | H19: Psicopedagogo
A20: 5 | B20: Data-Base da Categoria (dia/mês/ano) | H20: 44287
A22: Módulo 1: Composição da Remuneração
A23: 1 | B23: Composição da Remuneração | H23: Percentual (R$) | J23: Valor (R$)
A24: A | B24: Salário-Base (valor para somente 1 Psicopedagogo (a) - 40h/semanais) | J24: 3752.75
A25: B | B25: Adicional de Insalubridade (cláusula 20 da CCT/2021) | J25: =ROUND(I25*H18,2) -> 0
A26: Total | J26: =SUM(J24:J25) -> 3752.75
A28: Módulo 2 – Encargos e Benefícios Anuais, Mensais e Diários
A29: Submódulo 2.1 – 13º (décimo terceiro) Salário e Adicional de Férias
A30: 2.1 | B30: 13º (décimo terceiro) Salário e Adicional de Férias | J30: Valor (R$)
A31: A | B31: 13º (décimo terceiro) Salário Obrigatória a cotação de 8,33% sobre o valor do Módulo 1 – Composição da Remuneração, conforme Anexo XII da IN 5/17 | I31: 0.0833 | J31: =ROUND($J$26*I31,2) -> 312.6
A32: B | B32: Adicional de Férias Obrigatória a cotação de 3,025% sobre o valor do Módulo 1 – Composição da Remuneração, conforme Anexo XII da IN 5/17 (Férias + Adicional = 9,075% + 3,025% = 12,10%) | I32: 0.03025 | J32: =ROUND($J$26*I32,2) -> 113.52
A33: Total | J33: =SUM(J31+J32) -> 426.12
A34: C | B34: Incidência dos encargos do Submódulo 2.2 sobre o total do Submódulo 2.1 | J34: =ROUND(I47*J33,2) -> 156.81
A35: Total | J35: =J33+J34 -> 582.93
A37: Submódulo 2.2 - Encargos Previdenciários (GPS), Fundo de Garantia por Tempo de Serviço (FGTS) e outras contribuições
A38: 2.2 | B38: GPS, FGTS e outras contribuições | I38: Percentual (%) | J38: Valor (R$)
A39: A | B39: INSS | I39: 0.2 | J39: =ROUND($J$26*I39,2) -> 750.55
A40: B | B40: Salário Educação | I40: 0.025 | J40: =ROUND($J$26*I40,2) -> 93.82
A41: C | B41: RAT x FAP | E41: RAT = | F41: 0.03 | G41: FAP = | H41: 1 | I41: =ROUND((F41*H41),6) -> 0.03 | J41: =ROUND($J$26*I41,2) -> 112.58
A42: D | B42: SESC ou SESI | I42: 0.015 | J42: =ROUND($J$26*I42,2) -> 56.29
A43: E | B43: SENAC ou SENAI | I43: 0.01 | J43: =ROUND($J$26*I43,2) -> 37.53
A44: F | B44: SEBRAE | I44: 0.006 | J44: =ROUND($J$26*I44,2) -> 22.52
A45: G | B45: INCRA | I45: 0.002 | J45: =ROUND($J$26*I45,2) -> 7.51
A46: H | B46: FGTS | I46: 0.08 | J46: =ROUND($J$26*I46,2) -> 300.22
A47: Total | I47: =SUM(I39:I46) -> 0.368 | J47: =SUM(J39:J46) -> 1381.02
A49: Submódulo 2.3 – Benefícios Mensais e Diários
A50: 2.3 | B50: Benefícios Mensais e Diários | J50: Valor (R$)
A51: A | B51: Transporte Cálculo do valor: [(2xVTx22) – (6%xSB)] | J51: =IF(ROUND((I54*I52*I53)-(J24*0.06),2)<0,0,ROUND((I54*I52*I53)-(J24*0.06),2))*1+(I52*I53*21.726-0.06*J24)*0 -> 0
B52: A.1) Valor da passagem do transporte coletivo no município de prestação dos serviços: Decreto nº 045, de 15 de março de 2019 | I52: 4.5 | J52: -
B53: A.2) Quantidade de passagens por dia por empregado: | I53: 2
B54: A.3) Quantidade de dias do mês de recebimento de passagens | I54: 22
A55: B | B55: Auxílio-Alimentação Cálculo do valor = [(22xAA)x(1-0,20)] | J55: =ROUND(I57*I56*(1-0.2),2)*1+ROUND(21.726*6*(1-0.2),2)*0 -> 244.64
B56: B.1) Valor do AuxilioAlimentação (clausula 22 da CCT 2021): | I56: 13.9 | J56: -
B57: B.2) Quantidade de dias do mês de recebimento de auxílio-lanche | I57: 22
A58: C | B58: Seguro contra riscos de acidente de trabalho
A59: D
A60: Total | J60: =SUM(J51:J59) -> 244.64
A62: Quadro-Resumo do Módulo 2 – Encargos e Benefícios Anuais, Mensais e Diários
A63: 2 | B63: Encargos e Benefícios Anuais, Mensais e Diários | J63: Valor (R$)
A64: 2.1 | C64: 13º (décimo terceiro) Salário e Adicional de Férias | J64: =J35 -> 582.93
A65: 2.2 | C65: GPS, FGTS e outras contribuições | J65: =J47 -> 1381.02
A66: 2.3 | C66: Benefícios Mensais e Diários | J66: =J60 -> 244.64
A67: Total | J67: =SUM(J64+J65+J66) -> 2208.59
A69: Módulo 3 - Provisão para Rescisão
A70: 3 | B70: Provisão para Rescisão | J70: Valor (R$)
A71: A | B71: Aviso Prévio Indenizado Aviso-prévio indenizado Cálculo do valor = {Rem/12 + 13º/12=(Rem/12)/12 + Férias/12=(Rem/12)/12 + (1/3xFérias)/12=1/3x[(Rem/12)/12]} x (30/30=1) x 5% de rotatividade anual - Os reflexos de 13º, F e 1/3F são referentes a 1 mês de APInd - Na prorrogação, poderão ser considerados 3 dias conforme Lei nº 12.506/2011, dependendo da análise do nº de ocorrências deste evento no período | J71: =ROUND((($J$26/12)+($J$31/12)+($J$26/12/12)+($J$32/12))*(30/30)*0.05,2) -> 18.71
A72: B | B72: Incidência do FGTS sobre o Aviso Prévio Indenizado | J72: =ROUND($J$71*I46,2) -> 1.5
A73: C | B73: Multa do FGTS e contribuição social sobre o Aviso Prévio Indenizado Obrigatória a cotação de 0,24% sobre o valor do Módulo 1 – Composição da Remuneração, conforme Anexo XII da IN Seges nº 5/2017 (0,19% + 3,81% = 4,0%) - (Lei 13.932, de 11 de dezembro de 2019) | I73: 0.0019 | J73: =ROUND($J$26*I73,2) -> 7.13
A74: D | B74: Aviso Prévio Trabalhado (negociar extinção/redução na 1ª prorrogação) Cálculo do valor= [(Rem/30)x7]/12 meses do contratox90% dos empregados - ao final do contrato | J74: =ROUND(((($J$26/30)*7)/$H$10)*0.9,2) -> 65.67
A75: E | B75: Incidência dos encargos do Submódulo 2.2 sobre o Aviso Prévio Trabalhado | J75: =ROUND($I$47*J74,2) -> 24.17
A76: F | B76: Multa do FGTS e contribuição social sobre o Aviso Prévio Trabalhado Obrigatória a cotação de 4,76% sobre o valor do Módulo 1 – Composição da Remuneração, conforme Anexo XII da IN Seges nº 5/2017 (3,81%+0,19% = 4,0%) - (Lei 13.932, de 11 de dezembro de 2019) | I76: 0.0381 | J76: =ROUND($J$26*I76,2) -> 142.98
A77: Total | J77: =SUM(J71:J76) -> 260.16
A79: Módulo 4 - Custo de Reposição do Profissional Ausente
A80: Base de cálculo para o Custo de Reposição do Profissional Ausente (substituto): BCCPA = Rem + 13º + Férias + 1/3Férias | J80: =J83+J26+J31+J32 -> 4519.43
A82: 4.1 | B82: Ausências Legais | J82: Valor (R$)
A83: A | B83: Férias | I83: 0.09075 | J83: =ROUND(($J$26*I83),2) -> 340.56
A84: B | B84: Ausências Legais Cálculo do valor = [(BCCPA/30)x2,96dias]/12 | J84: =ROUND((($J$80/30)*2.96)/12,2) -> 37.16
A85: C | B85: Licença-Paternidade Cálculo do valor = {[(BCCPA/30)x5dias]/12}x1,5% | J85: =ROUND((($J$80/30)*5)/12*0.015,2) -> 0.94
A86: D | B86: Ausência por acidente de trabalho Cálculo do valor = {[(BCCPA/30)x15dias]/12}x0,78% | J86: =ROUND(((($J$80/30)*15)/12)*0.0078,2) -> 1.47
A87: E | B87: Afastamento Maternidade Cálculo do valor = {[(Rem+1/3Rem)/12]x(4/12)}x2% | J87: =ROUND(((($J$26+$J$26/3)*4/12)/12)*0.02,2) -> 2.78
A88: F | B88: (Outros) Ausência por doença Cálculo do valor = [(BCCPA)/30)x5dias]/12 | J88: =ROUND(((($J$80/30)*5)/12),2) -> 62.77
A89: Total | J89: =SUM(J83:J88) -> 445.68
A90: G | B90: Incidência dos encargos do Submódulo 2.2 sobre o total do Submódulo 4.1 | J90: =ROUND(I47*J89,2) -> 164.01
A91: Total | J91: =SUM(J89:J90) -> 609.69
A92: Submódulo 4.2 – Intrajornada
A93: 4.2 | B93: Intrajornada | J93: Valor (R$)
A94: A | B94: Intervalo para repouso ou alimentação | J94: 0
A95: Total | J95: 0
A96: B | B96: Incidência dos encargos do Submódulo 2.2 sobre o total do Submódulo 4.2 | J96: =ROUND(I47*J95,2) -> 0
A97: Total | J97: =SUM(J95:J96) -> 0
A99: Quadro-Resumo do Módulo 4 – Custo de Reposição do Profissional Ausente
A100: 4 | B100: Custo de Reposição do Profissional Ausente | J100: Valor (R$)
A101: 4.1 | B101: Ausências Legais | J101: =J91 -> 609.69
A102: 4.2 | B102: Intrajornada | J102: =J97 -> 0
A103: Total | J103: =SUM(J101+J102) -> 609.69
A105: Módulo 5 – Insumos Diversos
A106: 5 | B106: Insumos diversos | J106: Valor (R$)
A107: A | B107: Uniformes | J107: 0
A108: B
A109: C | B109: Equipamentos | J109: 0
A110: D | B110: Outros (especificar) | J110: 0.00
A111: Total | J111: =SUM(J107:J110) -> 0
A113: Módulo 6 - Custos Indiretos, Lucro e Tributos
...

Sheet Psicopedagogo - Pelotas
A1: Psicopedagogo - Regime de Tributação: Lucro Real
A2: ANEXO ---- do Pregão IFSul nº XX/2022 – Câmpus XXXXX PLANILHA DE CUSTOS E FORMAÇÃO DE PREÇOS
A3: Nº do processo: | H3: XXXX
A4: Licitação nº:
A5: Dia:
A6: DISCRIMINAÇÃO DOS SERVIÇOS (DADOS REFERENTES À CONTRATAÇÃO)
A7: A | B7: Data de apresentação da proposta (dia/mês/ano)
A8: B | B8: Município/UF | H8: Pelotas/RS
A9: C | B9: Ano do Acordo, Convenção ou Dissídio Coletivo | H9: SECRASO/RS - RS001505/2021
A10: D | B10: Número de meses de execução contratual | H10: 12
A11: IDENTIFICAÇÃO DO SERVIÇO
A12: 1. MÓDULOS Mão de obra Mão de obra vinculada à execução contratual
A15: Dados para composição dos custos referente à mão de obra
A16: 1 | B16: Tipo de Serviço (mesmo serviço com características distintas) | H16: Psicopedagogo
A17: 2 | B17: Classificação Brasileira de Ocupações (CBO) | H17: 2394-25
A18: 3 | B18: Salário Normativo da Categoria Profissional - para a jornada de 44 h/sem | H18: 4128.02
A19: 4 | B19: Categoria Profissional (vinculada à execução contratual) | H19: Psicopedagogo
A20: 5 | B20: Data-Base da Categoria (dia/mês/ano) | H20: 44287
A22: Módulo 1: Composição da Remuneração
A23: 1 | B23: Composição da Remuneração | H23: Percentual (R$) | J23: Valor (R$)
A24: A | B24: Salário-Base (valor para somente 1 Psicopedagogo (a) - 40h/semanais) | J24: 3752.75
A25: B | B25: Adicional de Insalubridade (cláusula 20 da CCT/2021) | J25: =ROUND(I25*H18,2) -> 0
A26: Total | J26: =SUM(J24:J25) -> 3752.75
A28: Módulo 2 – Encargos e Benefícios Anuais, Mensais e Diários
A29: Submódulo 2.1 – 13º (décimo terceiro) Salário e Adicional de Férias
A30: 2.1 | B30: 13º (décimo terceiro) Salário e Adicional de Férias | J30: Valor (R$)
A31: A | B31: 13º (décimo terceiro) Salário Obrigatória a cotação de 8,33% sobre o valor do Módulo 1 – Composição da Remuneração, conforme Anexo XII da IN 5/17 | I31: 0.0833 | J31: =ROUND($J$26*I31,2) -> 312.6
A32: B | B32: Adicional de Férias Obrigatória a cotação de 3,025% sobre o valor do Módulo 1 – Composição da Remuneração, conforme Anexo XII da IN 5/17 (Férias + Adicional = 9,075% + 3,025% = 12,10%) | I32: 0.03025 | J32: =ROUND($J$26*I32,2) -> 113.52
A33: Total | J33: =SUM(J31+J32) -> 426.12
A34: C | B34: Incidência dos encargos do Submódulo 2.2 sobre o total do Submódulo 2.1 | J34: =ROUND(I47*J33,2) -> 156.81
A35: Total | J35: =J33+J34 -> 582.93
A37: Submódulo 2.2 - Encargos Previdenciários (GPS), Fundo de Garantia por Tempo de Serviço (FGTS) e outras contribuições
A38: 2.2 | B38: GPS, FGTS e outras contribuições | I38: Percentual (%) | J38: Valor (R$)
A39: A | B39: INSS | I39: 0.2 | J39: =ROUND($J$26*I39,2) -> 750.55
A40: B | B40: Salário Educação | I40: 0.025 | J40: =ROUND($J$26*I40,2) -> 93.82
A41: C | B41: RAT x FAP | E41: RAT = | F41: 0.03 | G41: FAP = | H41: 1 | I41: =ROUND((F41*H41),6) -> 0.03 | J41: =ROUND($J$26*I41,2) -> 112.58
A42: D | B42: SESC ou SESI | I42: 0.015 | J42: =ROUND($J$26*I42,2) -> 56.29
A43: E | B43: SENAC ou SENAI | I43: 0.01 | J43: =ROUND($J$26*I43,2) -> 37.53
A44: F | B44: SEBRAE | I44: 0.006 | J44: =ROUND($J$26*I44,2) -> 22.52
A45: G | B45: INCRA | I45: 0.002 | J45: =ROUND($J$26*I45,2) -> 7.51
A46: H | B46: FGTS | I46: 0.08 | J46: =ROUND($J$26*I46,2) -> 300.22
A47: Total | I47: =SUM(I39:I46) -> 0.368 | J47: =SUM(J39:J46) -> 1381.02
A49: Submódulo 2.3 – Benefícios Mensais e Diários
A50: 2.3 | B50: Benefícios Mensais e Diários | J50: Valor (R$)
A51: A | B51: Transporte Cálculo do valor: [(2xVTx22) – (6%xSB)] | J51: =IF(ROUND((I54*I52*I53)-(J24*0.06),2)<0,0,ROUND((I54*I52*I53)-(J24*0.06),2))*1+(I52*I53*21.726-0.06*J24)*0 -> 0
B52: A.1) Valor da passagem do transporte coletivo no município de prestação dos serviços: Decreto nº 045, de 15 de março de 2019 | I52: 4.5 | J52: -
B53: A.2) Quantidade de passagens por dia por empregado: | I53: 2
B54: A.3) Quantidade de dias do mês de recebimento de passagens | I54: 22
A55: B | B55: Auxílio-Alimentação Cálculo do valor = [(22xAA)x(1-0,20)] | J55: =ROUND(I57*I56*(1-0.2),2)*1+ROUND(21.726*6*(1-0.2),2)*0 -> 244.64
B56: B.1) Valor do AuxilioAlimentação (clausula 22 da CCT 2021): | I56: 13.9 | J56: -
B57: B.2) Quantidade de dias do mês de recebimento de auxílio-lanche | I57: 22
A58: C | B58: Seguro contra riscos de acidente de trabalho
A59: D
A60: Total | J60: =SUM(J51:J59) -> 244.64
A62: Quadro-Resumo do Módulo 2 – Encargos e Benefícios Anuais, Mensais e Diários
A63: 2 | B63: Encargos e Benefícios Anuais, Mensais e Diários | J63: Valor (R$)
A64: 2.1 | C64: 13º (décimo terceiro) Salário e Adicional de Férias | J64: =J35 -> 582.93
A65: 2.2 | C65: GPS, FGTS e outras contribuições | J65: =J47 -> 1381.02
A66: 2.3 | C66: Benefícios Mensais e Diários | J66: =J60 -> 244.64
A67: Total | J67: =SUM(J64+J65+J66) -> 2208.59
A69: Módulo 3 - Provisão para Rescisão
A70: 3 | B70: Provisão para Rescisão | J70: Valor (R$)
A71: A | B71: Aviso Prévio Indenizado Aviso-prévio indenizado Cálculo do valor = {Rem/12 + 13º/12=(Rem/12)/12 + Férias/12=(Rem/12)/12 + (1/3xFérias)/12=1/3x[(Rem/12)/12]} x (30/30=1) x 5% de rotatividade anual - Os reflexos de 13º, F e 1/3F são referentes a 1 mês de APInd - Na prorrogação, poderão ser considerados 3 dias conforme Lei nº 12.506/2011, dependendo da análise do nº de ocorrências deste evento no período | J71: =ROUND((($J$26/12)+($J$31/12)+($J$26/12/12)+($J$32/12))*(30/30)*0.05,2) -> 18.71
A72: B | B72: Incidência do FGTS sobre o Aviso Prévio Indenizado | J72: =ROUND($J$71*I46,2) -> 1.5
A73: C | B73: Multa do FGTS e contribuição social sobre o Aviso Prévio Indenizado Obrigatória a cotação de 0,24% sobre o valor do Módulo 1 – Composição da Remuneração, conforme Anexo XII da IN Seges nº 5/2017 (0,19% + 3,81% = 4,0%) - (Lei 13.932, de 11 de dezembro de 2019) | I73: 0.0019 | J73: =ROUND($J$26*I73,2) -> 7.13
A74: D | B74: Aviso Prévio Trabalhado (negociar extinção/redução na 1ª prorrogação) Cálculo do valor= [(Rem/30)x7]/12 meses do contratox90% dos empregados - ao final do contrato | J74: =ROUND(((($J$26/30)*7)/$H$10)*0.9,2) -> 65.67
A75: E | B75: Incidência dos encargos do Submódulo 2.2 sobre o Aviso Prévio Trabalhado | J75: =ROUND($I$47*J74,2) -> 24.17
A76: F | B76: Multa do FGTS e contribuição social sobre o Aviso Prévio Trabalhado Obrigatória a cotação de 4,76% sobre o valor do Módulo 1 – Composição da Remuneração, conforme Anexo XII da IN Seges nº 5/2017 (3,81%+0,19% = 4,0%) - (Lei 13.932, de 11 de dezembro de 2019) | I76: 0.0381 | J76: =ROUND($J$26*I76,2) -> 142.98
A77: Total | J77: =SUM(J71:J76) -> 260.16
A79: Módulo 4 - Custo de Reposição do Profissional Ausente
A80: Base de cálculo para o Custo de Reposição do Profissional Ausente (substituto): BCCPA = Rem + 13º + Férias + 1/3Férias | J80: =J83+J26+J31+J32 -> 4519.43
A82: 4.1 | B82: Ausências Legais | J82: Valor (R$)
A83: A | B83: Férias | I83: 0.09075 | J83: =ROUND(($J$26*I83),2) -> 340.56
A84: B | B84: Ausências Legais Cálculo do valor = [(BCCPA/30)x2,96dias]/12 | J84: =ROUND((($J$80/30)*2.96)/12,2) -> 37.16
A85: C | B85: Licença-Paternidade Cálculo do valor = {[(BCCPA/30)x5dias]/12}x1,5% | J85: =ROUND((($J$80/30)*5)/12*0.015,2) -> 0.94
A86: D | B86: Ausência por acidente de trabalho Cálculo do valor = {[(BCCPA/30)x15dias]/12}x0,78% | J86: =ROUND(((($J$80/30)*15)/12)*0.0078,2) -> 1.47
A87: E | B87: Afastamento Maternidade Cálculo do valor = {[(Rem+1/3Rem)/12]x(4/12)}x2% | J87: =ROUND(((($J$26+$J$26/3)*4/12)/12)*0.02,2) -> 2.78
A88: F | B88: (Outros) Ausência por doença Cálculo do valor = [(BCCPA)/30)x5dias]/12 | J88: =ROUND(((($J$80/30)*5)/12),2) -> 62.77
A89: Total | J89: =SUM(J83:J88) -> 445.68
A90: G | B90: Incidência dos encargos do Submódulo 2.2 sobre o total do Submódulo 4.1 | J90: =ROUND(I47*J89,2) -> 164.01
A91: Total | J91: =SUM(J89:J90) -> 609.69
A92: Submódulo 4.2 – Intrajornada
A93: 4.2 | B93: Intrajornada | J93: Valor (R$)
A94: A | B94: Intervalo para repouso ou alimentação | J94: 0
A95: Total | J95: 0
A96: B | B96: Incidência dos encargos do Submódulo 2.2 sobre o total do Submódulo 4.2 | J96: =ROUND(I47*J95,2) -> 0
A97: Total | J97: =SUM(J95:J96) -> 0
A99: Quadro-Resumo do Módulo 4 – Custo de Reposição do Profissional Ausente
A100: 4 | B100: Custo de Reposição do Profissional Ausente | J100: Valor (R$)
A101: 4.1 | B101: Ausências Legais | J101: =J91 -> 609.69
A102: 4.2 | B102: Intrajornada | J102: =J97 -> 0
A103: Total | J103: =SUM(J101+J102) -> 609.69
A105: Módulo 5 – Insumos Diversos
A106: 5 | B106: Insumos diversos | J106: Valor (R$)
A107: A | B107: Uniformes | J107: 0
A108: B
A109: C | B109: Equipamentos | J109: 0
A110: D | B110: Outros (especificar) | J110: 0.00
A111: Total | J111: =SUM(J107:J110) -> 0
A113: Módulo 6 - Custos Indiretos, Lucro e Tributos
...

Sheet Psicopedagogo - CAVG
A1: Psicopedagogo - Regime de Tributação: Lucro Real
A2: ANEXO ---- do Pregão IFSul nº XX/2022 – Câmpus XXXXX PLANILHA DE CUSTOS E FORMAÇÃO DE PREÇOS
A3: Nº do processo: | H3: XXXX
A4: Licitação nº:
A5: Dia:
A6: DISCRIMINAÇÃO DOS SERVIÇOS (DADOS REFERENTES À CONTRATAÇÃO)
A7: A | B7: Data de apresentação da proposta (dia/mês/ano)
A8: B | B8: Município/UF | H8: Pelotas/RS
A9: C | B9: Ano do Acordo, Convenção ou Dissídio Coletivo | H9: SECRASO/RS - RS001505/2021
A10: D | B10: Número de meses de execução contratual | H10: 12
A11: IDENTIFICAÇÃO DO SERVIÇO
A12: 1. MÓDULOS Mão de obra Mão de obra vinculada à execução contratual
A15: Dados para composição dos custos referente à mão de obra
A16: 1 | B16: Tipo de Serviço (mesmo serviço com características distintas) | H16: Psicopedagogo
A17: 2 | B17: Classificação Brasileira de Ocupações (CBO) | H17: 2394-25
A18: 3 | B18: Salário Normativo da Categoria Profissional - para a jornada de 44 h/sem | H18: 4128.02
A19: 4 | B19: Categoria Profissional (vinculada à execução contratual) | H19: Psicopedagogo
A20: 5 | B20: Data-Base da Categoria (dia/mês/ano) | H20: 44287
A22: Módulo 1: Composição da Remuneração
A23: 1 | B23: Composição da Remuneração | H23: Percentual (R$) | J23: Valor (R$)
A24: A | B24: Salário-Base (valor para somente 1 Psicopedagogo (a) - 40h/semanais) | J24: 3752.75
A25: B | B25: Adicional de Insalubridade (cláusula 20 da CCT/2021) | J25: =ROUND(I25*H18,2) -> 0
A26: Total | J26: =SUM(J24:J25) -> 3752.75
A28: Módulo 2 – Encargos e Benefícios Anuais, Mensais e Diários
A29: Submódulo 2.1 – 13º (décimo terceiro) Salário e Adicional de Férias
A30: 2.1 | B30: 13º (décimo terceiro) Salário e Adicional de Férias | J30: Valor (R$)
A31: A | B31: 13º (décimo terceiro) Salário Obrigatória a cotação de 8,33% sobre o valor do Módulo 1 – Composição da Remuneração, conforme Anexo XII da IN 5/17 | I31: 0.0833 | J31: =ROUND($J$26*I31,2) -> 312.6
A32: B | B32: Adicional de Férias Obrigatória a cotação de 3,025% sobre o valor do Módulo 1 – Composição da Remuneração, conforme Anexo XII da IN 5/17 (Férias + Adicional = 9,075% + 3,025% = 12,10%) | I32: 0.03025 | J32: =ROUND($J$26*I32,2) -> 113.52
A33: Total | J33: =SUM(J31+J32) -> 426.12
A34: C | B34: Incidência dos encargos do Submódulo 2.2 sobre o total do Submódulo 2.1 | J34: =ROUND(I47*J33,2) -> 156.81
A35: Total | J35: =J33+J34 -> 582.93
A37: Submódulo 2.2 - Encargos Previdenciários (GPS), Fundo de Garantia por Tempo de Serviço (FGTS) e outras contribuições
A38: 2.2 | B38: GPS, FGTS e outras contribuições | I38: Percentual (%) | J38: Valor (R$)
A39: A | B39: INSS | I39: 0.2 | J39: =ROUND($J$26*I39,2) -> 750.55
A40: B | B40: Salário Educação | I40: 0.025 | J40: =ROUND($J$26*I40,2) -> 93.82
A41: C | B41: RAT x FAP | E41: RAT = | F41: 0.03 | G41: FAP = | H41: 1 | I41: =ROUND((F41*H41),6) -> 0.03 | J41: =ROUND($J$26*I41,2) -> 112.58
A42: D | B42: SESC ou SESI | I42: 0.015 | J42: =ROUND($J$26*I42,2) -> 56.29
A43: E | B43: SENAC ou SENAI | I43: 0.01 | J43: =ROUND($J$26*I43,2) -> 37.53
A44: F | B44: SEBRAE | I44: 0.006 | J44: =ROUND($J$26*I44,2) -> 22.52
A45: G | B45: INCRA | I45: 0.002 | J45: =ROUND($J$26*I45,2) -> 7.51
A46: H | B46: FGTS | I46: 0.08 | J46: =ROUND($J$26*I46,2) -> 300.22
A47: Total | I47: =SUM(I39:I46) -> 0.368 | J47: =SUM(J39:J46) -> 1381.02
A49: Submódulo 2.3 – Benefícios Mensais e Diários
A50: 2.3 | B50: Benefícios Mensais e Diários | J50: Valor (R$)
A51: A | B51: Transporte Cálculo do valor: [(2xVTx22) – (6%xSB)] | J51: =IF(ROUND((I54*I52*I53)-(J24*0.06),2)<0,0,ROUND((I54*I52*I53)-(J24*0.06),2))*1+(I52*I53*21.726-0.06*J24)*0 -> 0
B52: A.1) Valor da passagem do transporte coletivo no município de prestação dos serviços: Decreto nº 045, de 15 de março de 2019 | I52: 4.5 | J52: -
B53: A.2) Quantidade de passagens por dia por empregado: | I53: 2
B54: A.3) Quantidade de dias do mês de recebimento de passagens | I54: 22
A55: B | B55: Auxílio-Alimentação Cálculo do valor = [(22xAA)x(1-0,20)] | J55: =ROUND(I57*I56*(1-0.2),2)*1+ROUND(21.726*6*(1-0.2),2)*0 -> 244.64
B56: B.1) Valor do AuxilioAlimentação (clausula 22 da CCT 2021): | I56: 13.9 | J56: -
B57: B.2) Quantidade de dias do mês de recebimento de auxílio-lanche | I57: 22
A58: C | B58: Seguro contra riscos de acidente de trabalho
A59: D
A60: Total | J60: =SUM(J51:J59) -> 244.64
A62: Quadro-Resumo do Módulo 2 – Encargos e Benefícios Anuais, Mensais e Diários
A63: 2 | B63: Encargos e Benefícios Anuais, Mensais e Diários | J63: Valor (R$)
A64: 2.1 | C64: 13º (décimo terceiro) Salário e Adicional de Férias | J64: =J35 -> 582.93
A65: 2.2 | C65: GPS, FGTS e outras contribuições | J65: =J47 -> 1381.02
A66: 2.3 | C66: Benefícios Mensais e Diários | J66: =J60 -> 244.64
A67: Total | J67: =SUM(J64+J65+J66) -> 2208.59
A69: Módulo 3 - Provisão para Rescisão
A70: 3 | B70: Provisão para Rescisão | J70: Valor (R$)
A71: A | B71: Aviso Prévio Indenizado Aviso-prévio indenizado Cálculo do valor = {Rem/12 + 13º/12=(Rem/12)/12 + Férias/12=(Rem/12)/12 + (1/3xFérias)/12=1/3x[(Rem/12)/12]} x (30/30=1) x 5% de rotatividade anual - Os reflexos de 13º, F e 1/3F são referentes a 1 mês de APInd - Na prorrogação, poderão ser considerados 3 dias conforme Lei nº 12.506/2011, dependendo da análise do nº de ocorrências deste evento no período | J71: =ROUND((($J$26/12)+($J$31/12)+($J$26/12/12)+($J$32/12))*(30/30)*0.05,2) -> 18.71
A72: B | B72: Incidência do FGTS sobre o Aviso Prévio Indenizado | J72: =ROUND($J$71*I46,2) -> 1.5
A73: C | B73: Multa do FGTS e contribuição social sobre o Aviso Prévio Indenizado Obrigatória a cotação de 0,24% sobre o valor do Módulo 1 – Composição da Remuneração, conforme Anexo XII da IN Seges nº 5/2017 (0,19% + 3,81% = 4,0%) - (Lei 13.932, de 11 de dezembro de 2019) | I73: 0.0019 | J73: =ROUND($J$26*I73,2) -> 7.13
A74: D | B74: Aviso Prévio Trabalhado (negociar extinção/redução na 1ª prorrogação) Cálculo do valor= [(Rem/30)x7]/12 meses do contratox90% dos empregados - ao final do contrato | J74: =ROUND(((($J$26/30)*7)/$H$10)*0.9,2) -> 65.67
A75: E | B75: Incidência dos encargos do Submódulo 2.2 sobre o Aviso Prévio Trabalhado | J75: =ROUND($I$47*J74,2) -> 24.17
A76: F | B76: Multa do FGTS e contribuição social sobre o Aviso Prévio Trabalhado Obrigatória a cotação de 4,76% sobre o valor do Módulo 1 – Composição da Remuneração, conforme Anexo XII da IN Seges nº 5/2017 (3,81%+0,19% = 4,0%) - (Lei 13.932, de 11 de dezembro de 2019) | I76: 0.0381 | J76: =ROUND($J$26*I76,2) -> 142.98
A77: Total | J77: =SUM(J71:J76) -> 260.16
A79: Módulo 4 - Custo de Reposição do Profissional Ausente
A80: Base de cálculo para o Custo de Reposição do Profissional Ausente (substituto): BCCPA = Rem + 13º + Férias + 1/3Férias | J80: =J83+J26+J31+J32 -> 4519.43
A82: 4.1 | B82: Ausências Legais | J82: Valor (R$)
A83: A | B83: Férias | I83: 0.09075 | J83: =ROUND(($J$26*I83),2) -> 340.56
A84: B | B84: Ausências Legais Cálculo do valor = [(BCCPA/30)x2,96dias]/12 | J84: =ROUND((($J$80/30)*2.96)/12,2) -> 37.16
A85: C | B85: Licença-Paternidade Cálculo do valor = {[(BCCPA/30)x5dias]/12}x1,5% | J85: =ROUND((($J$80/30)*5)/12*0.015,2) -> 0.94
A86: D | B86: Ausência por acidente de trabalho Cálculo do valor = {[(BCCPA/30)x15dias]/12}x0,78% | J86: =ROUND(((($J$80/30)*15)/12)*0.0078,2) -> 1.47
A87: E | B87: Afastamento Maternidade Cálculo do valor = {[(Rem+1/3Rem)/12]x(4/12)}x2% | J87: =ROUND(((($J$26+$J$26/3)*4/12)/12)*0.02,2) -> 2.78
A88: F | B88: (Outros) Ausência por doença Cálculo do valor = [(BCCPA)/30)x5dias]/12 | J88: =ROUND(((($J$80/30)*5)/12),2) -> 62.77
A89: Total | J89: =SUM(J83:J88) -> 445.68
A90: G | B90: Incidência dos encargos do Submódulo 2.2 sobre o total do Submódulo 4.1 | J90: =ROUND(I47*J89,2) -> 164.01
A91: Total | J91: =SUM(J89:J90) -> 609.69
A92: Submódulo 4.2 – Intrajornada
A93: 4.2 | B93: Intrajornada | J93: Valor (R$)
A94: A | B94: Intervalo para repouso ou alimentação | J94: 0
A95: Total | J95: 0
A96: B | B96: Incidência dos encargos do Submódulo 2.2 sobre o total do Submódulo 4.2 | J96: =ROUND(I47*J95,2) -> 0
A97: Total | J97: =SUM(J95:J96) -> 0
A99: Quadro-Resumo do Módulo 4 – Custo de Reposição do Profissional Ausente
A100: 4 | B100: Custo de Reposição do Profissional Ausente | J100: Valor (R$)
A101: 4.1 | B101: Ausências Legais | J101: =J91 -> 609.69
A102: 4.2 | B102: Intrajornada | J102: =J97 -> 0
A103: Total | J103: =SUM(J101+J102) -> 609.69
A105: Módulo 5 – Insumos Diversos
A106: 5 | B106: Insumos diversos | J106: Valor (R$)
A107: A | B107: Uniformes | J107: 0
A108: B
A109: C | B109: Equipamentos | J109: 0
A110: D | B110: Outros (especificar) | J110: 0.00
A111: Total | J111: =SUM(J107:J110) -> 0
A113: Módulo 6 - Custos Indiretos, Lucro e Tributos
...

Sheet Psicopedagogo - Bagé
A1: Psicopedagogo - Regime de Tributação: Lucro Real
A2: ANEXO ---- do Pregão IFSul nº XX/2022 – Câmpus XXXXX PLANILHA DE CUSTOS E FORMAÇÃO DE PREÇOS
A3: Nº do processo: | H3: XXXX
A4: Licitação nº:
A5: Dia:
A6: DISCRIMINAÇÃO DOS SERVIÇOS (DADOS REFERENTES À CONTRATAÇÃO)
A7: A | B7: Data de apresentação da proposta (dia/mês/ano)
A8: B | B8: Município/UF | H8: Bagé/RS
A9: C | B9: Ano do Acordo, Convenção ou Dissídio Coletivo | H9: SECRASO/RS - RS001505/2021
A10: D | B10: Número de meses de execução contratual | H10: 12
A11: IDENTIFICAÇÃO DO SERVIÇO
A12: 1. MÓDULOS Mão de obra Mão de obra vinculada à execução contratual
A15: Dados para composição dos custos referente à mão de obra
A16: 1 | B16: Tipo de Serviço (mesmo serviço com características distintas) | H16: Psicopedagogo
A17: 2 | B17: Classificação Brasileira de Ocupações (CBO) | H17: 2394-25
A18: 3 | B18: Salário Normativo da Categoria Profissional - para a jornada de 44 h/sem | H18: 4128.02
A19: 4 | B19: Categoria Profissional (vinculada à execução contratual) | H19: Psicopedagogo
A20: 5 | B20: Data-Base da Categoria (dia/mês/ano) | H20: 44287
A22: Módulo 1: Composição da Remuneração
A23: 1 | B23: Composição da Remuneração | H23: Percentual (R$) | J23: Valor (R$)
A24: A | B24: Salário-Base (valor para somente 1 Psicopedagogo (a) - 40h/semanais) | J24: 3752.75
A25: B | B25: Adicional de Insalubridade (cláusula 20 da CCT/2021) | J25: =ROUND(I25*H18,2) -> 0
A26: Total | J26: =SUM(J24:J25) -> 3752.75
A28: Módulo 2 – Encargos e Benefícios Anuais, Mensais e Diários
A29: Submódulo 2.1 – 13º (décimo terceiro) Salário e Adicional de Férias
A30: 2.1 | B30: 13º (décimo terceiro) Salário e Adicional de Férias | J30: Valor (R$)
A31: A | B31: 13º (décimo terceiro) Salário Obrigatória a cotação de 8,33% sobre o valor do Módulo 1 – Composição da Remuneração, conforme Anexo XII da IN 5/17 | I31: 0.0833 | J31: =ROUND($J$26*I31,2) -> 312.6
A32: B | B32: Adicional de Férias Obrigatória a cotação de 3,025% sobre o valor do Módulo 1 – Composição da Remuneração, conforme Anexo XII da IN 5/17 (Férias + Adicional = 9,075% + 3,025% = 12,10%) | I32: 0.03025 | J32: =ROUND($J$26*I32,2) -> 113.52
A33: Total | J33: =SUM(J31+J32) -> 426.12
A34: C | B34: Incidência dos encargos do Submódulo 2.2 sobre o total do Submódulo 2.1 | J34: =ROUND(I47*J33,2) -> 156.81
A35: Total | J35: =J33+J34 -> 582.93
A37: Submódulo 2.2 - Encargos Previdenciários (GPS), Fundo de Garantia por Tempo de Serviço (FGTS) e outras contribuições
A38: 2.2 | B38: GPS, FGTS e outras contribuições | I38: Percentual (%) | J38: Valor (R$)
A39: A | B39: INSS | I39: 0.2 | J39: =ROUND($J$26*I39,2) -> 750.55
A40: B | B40: Salário Educação | I40: 0.025 | J40: =ROUND($J$26*I40,2) -> 93.82
A41: C | B41: RAT x FAP | E41: RAT = | F41: 0.03 | G41: FAP = | H41: 1 | I41: =ROUND((F41*H41),6) -> 0.03 | J41: =ROUND($J$26*I41,2) -> 112.58
A42: D | B42: SESC ou SESI | I42: 0.015 | J42: =ROUND($J$26*I42,2) -> 56.29
A43: E | B43: SENAC ou SENAI | I43: 0.01 | J43: =ROUND($J$26*I43,2) -> 37.53
A44: F | B44: SEBRAE | I44: 0.006 | J44: =ROUND($J$26*I44,2) -> 22.52
A45: G | B45: INCRA | I45: 0.002 | J45: =ROUND($J$26*I45,2) -> 7.51
A46: H | B46: FGTS | I46: 0.08 | J46: =ROUND($J$26*I46,2) -> 300.22
A47: Total | I47: =SUM(I39:I46) -> 0.368 | J47: =SUM(J39:J46) -> 1381.02
A49: Submódulo 2.3 – Benefícios Mensais e Diários
A50: 2.3 | B50: Benefícios Mensais e Diários | J50: Valor (R$)
A51: A | B51: Transporte Cálculo do valor: [(2xVTx22) – (6%xSB)] | J51: =IF(ROUND((I54*I52*I53)-(J24*0.06),2)<0,0,ROUND((I54*I52*I53)-(J24*0.06),2))*1+(I52*I53*21.726-0.06*J24)*0 -> 0
B52: A.1) Valor da passagem do transporte coletivo no município de prestação dos serviços: Decreto nº 045, de 15 de março de 2019 | I52: 4.15 | J52: -
B53: A.2) Quantidade de passagens por dia por empregado: | I53: 2
B54: A.3) Quantidade de dias do mês de recebimento de passagens | I54: 22
A55: B | B55: Auxílio-Alimentação Cálculo do valor = [(22xAA)x(1-0,20)] | J55: =ROUND(I57*I56*(1-0.2),2)*1+ROUND(21.726*6*(1-0.2),2)*0 -> 244.64
B56: B.1) Valor do AuxilioAlimentação (clausula 22 da CCT 2021): | I56: 13.9 | J56: -
B57: B.2) Quantidade de dias do mês de recebimento de auxílio-lanche | I57: 22
A58: C | B58: Seguro contra riscos de acidente de trabalho
A59: D
A60: Total | J60: =SUM(J51:J59) -> 244.64
A62: Quadro-Resumo do Módulo 2 – Encargos e Benefícios Anuais, Mensais e Diários
A63: 2 | B63: Encargos e Benefícios Anuais, Mensais e Diários | J63: Valor (R$)
A64: 2.1 | C64: 13º (décimo terceiro) Salário e Adicional de Férias | J64: =J35 -> 582.93
A65: 2.2 | C65: GPS, FGTS e outras contribuições | J65: =J47 -> 1381.02
A66: 2.3 | C66: Benefícios Mensais e Diários | J66: =J60 -> 244.64
A67: Total | J67: =SUM(J64+J65+J66) -> 2208.59
A69: Módulo 3 - Provisão para Rescisão
A70: 3 | B70: Provisão para Rescisão | J70: Valor (R$)
A71: A | B71: Aviso Prévio Indenizado Aviso-prévio indenizado Cálculo do valor = {Rem/12 + 13º/12=(Rem/12)/12 + Férias/12=(Rem/12)/12 + (1/3xFérias)/12=1/3x[(Rem/12)/12]} x (30/30=1) x 5% de rotatividade anual - Os reflexos de 13º, F e 1/3F são referentes a 1 mês de APInd - Na prorrogação, poderão ser considerados 3 dias conforme Lei nº 12.506/2011, dependendo da análise do nº de ocorrências deste evento no período | J71: =ROUND((($J$26/12)+($J$31/12)+($J$26/12/12)+($J$32/12))*(30/30)*0.05,2) -> 18.71
A72: B | B72: Incidência do FGTS sobre o Aviso Prévio Indenizado | J72: =ROUND($J$71*I46,2) -> 1.5
A73: C | B73: Multa do FGTS e contribuição social sobre o Aviso Prévio Indenizado Obrigatória a cotação de 0,24% sobre o valor do Módulo 1 – Composição da Remuneração, conforme Anexo XII da IN Seges nº 5/2017 (0,19% + 3,81% = 4,0%) - (Lei 13.932, de 11 de dezembro de 2019) | I73: 0.0019 | J73: =ROUND($J$26*I73,2) -> 7.13
A74: D | B74: Aviso Prévio Trabalhado (negociar extinção/redução na 1ª prorrogação) Cálculo do valor= [(Rem/30)x7]/12 meses do contratox90% dos empregados - ao final do contrato | J74: =ROUND(((($J$26/30)*7)/$H$10)*0.9,2) -> 65.67
A75: E | B75: Incidência dos encargos do Submódulo 2.2 sobre o Aviso Prévio Trabalhado | J75: =ROUND($I$47*J74,2) -> 24.17
A76: F | B76: Multa do FGTS e contribuição social sobre o Aviso Prévio Trabalhado Obrigatória a cotação de 4,76% sobre o valor do Módulo 1 – Composição da Remuneração, conforme Anexo XII da IN Seges nº 5/2017 (3,81%+0,19% = 4,0%) - (Lei 13.932, de 11 de dezembro de 2019) | I76: 0.0381 | J76: =ROUND($J$26*I76,2) -> 142.98
A77: Total | J77: =SUM(J71:J76) -> 260.16
A79: Módulo 4 - Custo de Reposição do Profissional Ausente
A80: Base de cálculo para o Custo de Reposição do Profissional Ausente (substituto): BCCPA = Rem + 13º + Férias + 1/3Férias | J80: =J83+J26+J31+J32 -> 4519.43
A82: 4.1 | B82: Ausências Legais | J82: Valor (R$)
A83: A | B83: Férias | I83: 0.09075 | J83: =ROUND(($J$26*I83),2) -> 340.56
A84: B | B84: Ausências Legais Cálculo do valor = [(BCCPA/30)x2,96dias]/12 | J84: =ROUND((($J$80/30)*2.96)/12,2) -> 37.16
A85: C | B85: Licença-Paternidade Cálculo do valor = {[(BCCPA/30)x5dias]/12}x1,5% | J85: =ROUND((($J$80/30)*5)/12*0.015,2) -> 0.94
A86: D | B86: Ausência por acidente de trabalho Cálculo do valor = {[(BCCPA/30)x15dias]/12}x0,78% | J86: =ROUND(((($J$80/30)*15)/12)*0.0078,2) -> 1.47
A87: E | B87: Afastamento Maternidade Cálculo do valor = {[(Rem+1/3Rem)/12]x(4/12)}x2% | J87: =ROUND(((($J$26+$J$26/3)*4/12)/12)*0.02,2) -> 2.78
A88: F | B88: (Outros) Ausência por doença Cálculo do valor = [(BCCPA)/30)x5dias]/12 | J88: =ROUND(((($J$80/30)*5)/12),2) -> 62.77
A89: Total | J89: =SUM(J83:J88) -> 445.68
A90: G | B90: Incidência dos encargos do Submódulo 2.2 sobre o total do Submódulo 4.1 | J90: =ROUND(I47*J89,2) -> 164.01
A91: Total | J91: =SUM(J89:J90) -> 609.69
A92: Submódulo 4.2 – Intrajornada
A93: 4.2 | B93: Intrajornada | J93: Valor (R$)
A94: A | B94: Intervalo para repouso ou alimentação | J94: 0
A95: Total | J95: 0
A96: B | B96: Incidência dos encargos do Submódulo 2.2 sobre o total do Submódulo 4.2 | J96: =ROUND(I47*J95,2) -> 0
A97: Total | J97: =SUM(J95:J96) -> 0
A99: Quadro-Resumo do Módulo 4 – Custo de Reposição do Profissional Ausente
A100: 4 | B100: Custo de Reposição do Profissional Ausente | J100: Valor (R$)
A101: 4.1 | B101: Ausências Legais | J101: =J91 -> 609.69
A102: 4.2 | B102: Intrajornada | J102: =J97 -> 0
A103: Total | J103: =SUM(J101+J102) -> 609.69
A105: Módulo 5 – Insumos Diversos
A106: 5 | B106: Insumos diversos | J106: Valor (R$)
A107: A | B107: Uniformes | J107: 0
A108: B
A109: C | B109: Equipamentos | J109: 0
A110: D | B110: Outros (especificar) | J110: 0.00
A111: Total | J111: =SUM(J107:J110) -> 0
A113: Módulo 6 - Custos Indiretos, Lucro e Tributos
...

Sheet Psicopedagogo - Camaquã
A1: Psicopedagogo - Regime de Tributação: Lucro Real
A2: ANEXO ---- do Pregão IFSul nº XX/2022 – Câmpus XXXXX PLANILHA DE CUSTOS E FORMAÇÃO DE PREÇOS
A3: Nº do processo: | H3: XXXX
A4: Licitação nº:
A5: Dia:
A6: DISCRIMINAÇÃO DOS SERVIÇOS (DADOS REFERENTES À CONTRATAÇÃO)
A7: A | B7: Data de apresentação da proposta (dia/mês/ano)
A8: B | B8: Município/UF | H8: Camaquã/RS
A9: C | B9: Ano do Acordo, Convenção ou Dissídio Coletivo | H9: SECRASO/RS - RS001505/2021
A10: D | B10: Número de meses de execução contratual | H10: 12
A11: IDENTIFICAÇÃO DO SERVIÇO
A12: 1. MÓDULOS Mão de obra Mão de obra vinculada à execução contratual
A15: Dados para composição dos custos referente à mão de obra
A16: 1 | B16: Tipo de Serviço (mesmo serviço com características distintas) | H16: Psicopedagogo
A17: 2 | B17: Classificação Brasileira de Ocupações (CBO) | H17: 2394-25
A18: 3 | B18: Salário Normativo da Categoria Profissional - para a jornada de 44 h/sem | H18: 4128.02
A19: 4 | B19: Categoria Profissional (vinculada à execução contratual) | H19: Psicopedagogo
A20: 5 | B20: Data-Base da Categoria (dia/mês/ano) | H20: 44287
A22: Módulo 1: Composição da Remuneração
A23: 1 | B23: Composição da Remuneração | H23: Percentual (R$) | J23: Valor (R$)
A24: A | B24: Salário-Base (valor para somente 1 Psicopedagogo (a) - 40h/semanais) | J24: 3752.75
A25: B | B25: Adicional de Insalubridade (cláusula 20 da CCT/2021) | J25: =ROUND(I25*H18,2) -> 0
A26: Total | J26: =SUM(J24:J25) -> 3752.75
A28: Módulo 2 – Encargos e Benefícios Anuais, Mensais e Diários
A29: Submódulo 2.1 – 13º (décimo terceiro) Salário e Adicional de Férias
A30: 2.1 | B30: 13º (décimo terceiro) Salário e Adicional de Férias | J30: Valor (R$)
A31: A | B31: 13º (décimo terceiro) Salário Obrigatória a cotação de 8,33% sobre o valor do Módulo 1 – Composição da Remuneração, conforme Anexo XII da IN 5/17 | I31: 0.0833 | J31: =ROUND($J$26*I31,2) -> 312.6
A32: B | B32: Adicional de Férias Obrigatória a cotação de 3,025% sobre o valor do Módulo 1 – Composição da Remuneração, conforme Anexo XII da IN 5/17 (Férias + Adicional = 9,075% + 3,025% = 12,10%) | I32: 0.03025 | J32: =ROUND($J$26*I32,2) -> 113.52
A33: Total | J33: =SUM(J31+J32) -> 426.12
A34: C | B34: Incidência dos encargos do Submódulo 2.2 sobre o total do Submódulo 2.1 | J34: =ROUND(I47*J33,2) -> 156.81
A35: Total | J35: =J33+J34 -> 582.93
A37: Submódulo 2.2 - Encargos Previdenciários (GPS), Fundo de Garantia por Tempo de Serviço (FGTS) e outras contribuições
A38: 2.2 | B38: GPS, FGTS e outras contribuições | I38: Percentual (%) | J38: Valor (R$)
A39: A | B39: INSS | I39: 0.2 | J39: =ROUND($J$26*I39,2) -> 750.55
A40: B | B40: Salário Educação | I40: 0.025 | J40: =ROUND($J$26*I40,2) -> 93.82
A41: C | B41: RAT x FAP | E41: RAT = | F41: 0.03 | G41: FAP = | H41: 1 | I41: =ROUND((F41*H41),6) -> 0.03 | J41: =ROUND($J$26*I41,2) -> 112.58
A42: D | B42: SESC ou SESI | I42: 0.015 | J42: =ROUND($J$26*I42,2) -> 56.29
A43: E | B43: SENAC ou SENAI | I43: 0.01 | J43: =ROUND($J$26*I43,2) -> 37.53
A44: F | B44: SEBRAE | I44: 0.006 | J44: =ROUND($J$26*I44,2) -> 22.52
A45: G | B45: INCRA | I45: 0.002 | J45: =ROUND($J$26*I45,2) -> 7.51
A46: H | B46: FGTS | I46: 0.08 | J46: =ROUND($J$26*I46,2) -> 300.22
A47: Total | I47: =SUM(I39:I46) -> 0.368 | J47: =SUM(J39:J46) -> 1381.02
A49: Submódulo 2.3 – Benefícios Mensais e Diários
A50: 2.3 | B50: Benefícios Mensais e Diários | J50: Valor (R$)
A51: A | B51: Transporte Cálculo do valor: [(2xVTx22) – (6%xSB)] | J51: =IF(ROUND((I54*I52*I53)-(J24*0.06),2)<0,0,ROUND((I54*I52*I53)-(J24*0.06),2))*1+(I52*I53*21.726-0.06*J24)*0 -> 0
B52: A.1) Valor da passagem do transporte coletivo no município de prestação dos serviços: Decreto nº 045, de 15 de março de 2019 | I52: 2.95 | J52: -
B53: A.2) Quantidade de passagens por dia por empregado: | I53: 2
B54: A.3) Quantidade de dias do mês de recebimento de passagens | I54: 22
A55: B | B55: Auxílio-Alimentação Cálculo do valor = [(22xAA)x(1-0,20)] | J55: =ROUND(I57*I56*(1-0.2),2)*1+ROUND(21.726*6*(1-0.2),2)*0 -> 244.64
B56: B.1) Valor do AuxilioAlimentação (clausula 22 da CCT 2021): | I56: 13.9 | J56: -
B57: B.2) Quantidade de dias do mês de recebimento de auxílio-lanche | I57: 22
A58: C | B58: Seguro contra riscos de acidente de trabalho
A59: D
A60: Total | J60: =SUM(J51:J59) -> 244.64
A62: Quadro-Resumo do Módulo 2 – Encargos e Benefícios Anuais, Mensais e Diários
A63: 2 | B63: Encargos e Benefícios Anuais, Mensais e Diários | J63: Valor (R$)
A64: 2.1 | C64: 13º (décimo terceiro) Salário e Adicional de Férias | J64: =J35 -> 582.93
A65: 2.2 | C65: GPS, FGTS e outras contribuições | J65: =J47 -> 1381.02
A66: 2.3 | C66: Benefícios Mensais e Diários | J66: =J60 -> 244.64
A67: Total | J67: =SUM(J64+J65+J66) -> 2208.59
A69: Módulo 3 - Provisão para Rescisão
A70: 3 | B70: Provisão para Rescisão | J70: Valor (R$)
A71: A | B71: Aviso Prévio Indenizado Aviso-prévio indenizado Cálculo do valor = {Rem/12 + 13º/12=(Rem/12)/12 + Férias/12=(Rem/12)/12 + (1/3xFérias)/12=1/3x[(Rem/12)/12]} x (30/30=1) x 5% de rotatividade anual - Os reflexos de 13º, F e 1/3F são referentes a 1 mês de APInd - Na prorrogação, poderão ser considerados 3 dias conforme Lei nº 12.506/2011, dependendo da análise do nº de ocorrências deste evento no período | J71: =ROUND((($J$26/12)+($J$31/12)+($J$26/12/12)+($J$32/12))*(30/30)*0.05,2) -> 18.71
A72: B | B72: Incidência do FGTS sobre o Aviso Prévio Indenizado | J72: =ROUND($J$71*I46,2) -> 1.5
A73: C | B73: Multa do FGTS e contribuição social sobre o Aviso Prévio Indenizado Obrigatória a cotação de 0,24% sobre o valor do Módulo 1 – Composição da Remuneração, conforme Anexo XII da IN Seges nº 5/2017 (0,19% + 3,81% = 4,0%) - (Lei 13.932, de 11 de dezembro de 2019) | I73: 0.0019 | J73: =ROUND($J$26*I73,2) -> 7.13
A74: D | B74: Aviso Prévio Trabalhado (negociar extinção/redução na 1ª prorrogação) Cálculo do valor= [(Rem/30)x7]/12 meses do contratox90% dos empregados - ao final do contrato | J74: =ROUND(((($J$26/30)*7)/$H$10)*0.9,2) -> 65.67
A75: E | B75: Incidência dos encargos do Submódulo 2.2 sobre o Aviso Prévio Trabalhado | J75: =ROUND($I$47*J74,2) -> 24.17
A76: F | B76: Multa do FGTS e contribuição social sobre o Aviso Prévio Trabalhado Obrigatória a cotação de 4,76% sobre o valor do Módulo 1 – Composição da Remuneração, conforme Anexo XII da IN Seges nº 5/2017 (3,81%+0,19% = 4,0%) - (Lei 13.932, de 11 de dezembro de 2019) | I76: 0.0381 | J76: =ROUND($J$26*I76,2) -> 142.98
A77: Total | J77: =SUM(J71:J76) -> 260.16
A79: Módulo 4 - Custo de Reposição do Profissional Ausente
A80: Base de cálculo para o Custo de Reposição do Profissional Ausente (substituto): BCCPA = Rem + 13º + Férias + 1/3Férias | J80: =J83+J26+J31+J32 -> 4519.43
A82: 4.1 | B82: Ausências Legais | J82: Valor (R$)
A83: A | B83: Férias | I83: 0.09075 | J83: =ROUND(($J$26*I83),2) -> 340.56
A84: B | B84: Ausências Legais Cálculo do valor = [(BCCPA/30)x2,96dias]/12 | J84: =ROUND((($J$80/30)*2.96)/12,2) -> 37.16
A85: C | B85: Licença-Paternidade Cálculo do valor = {[(BCCPA/30)x5dias]/12}x1,5% | J85: =ROUND((($J$80/30)*5)/12*0.015,2) -> 0.94
A86: D | B86: Ausência por acidente de trabalho Cálculo do valor = {[(BCCPA/30)x15dias]/12}x0,78% | J86: =ROUND(((($J$80/30)*15)/12)*0.0078,2) -> 1.47
A87: E | B87: Afastamento Maternidade Cálculo do valor = {[(Rem+1/3Rem)/12]x(4/12)}x2% | J87: =ROUND(((($J$26+$J$26/3)*4/12)/12)*0.02,2) -> 2.78
A88: F | B88: (Outros) Ausência por doença Cálculo do valor = [(BCCPA)/30)x5dias]/12 | J88: =ROUND(((($J$80/30)*5)/12),2) -> 62.77
A89: Total | J89: =SUM(J83:J88) -> 445.68
A90: G | B90: Incidência dos encargos do Submódulo 2.2 sobre o total do Submódulo 4.1 | J90: =ROUND(I47*J89,2) -> 164.01
A91: Total | J91: =SUM(J89:J90) -> 609.69
A92: Submódulo 4.2 – Intrajornada
A93: 4.2 | B93: Intrajornada | J93: Valor (R$)
A94: A | B94: Intervalo para repouso ou alimentação | J94: 0
A95: Total | J95: 0
A96: B | B96: Incidência dos encargos do Submódulo 2.2 sobre o total do Submódulo 4.2 | J96: =ROUND(I47*J95,2) -> 0
A97: Total | J97: =SUM(J95:J96) -> 0
A99: Quadro-Resumo do Módulo 4 – Custo de Reposição do Profissional Ausente
A100: 4 | B100: Custo de Reposição do Profissional Ausente | J100: Valor (R$)
A101: 4.1 | B101: Ausências Legais | J101: =J91 -> 609.69
A102: 4.2 | B102: Intrajornada | J102: =J97 -> 0
A103: Total | J103: =SUM(J101+J102) -> 609.69
A105: Módulo 5 – Insumos Diversos
A106: 5 | B106: Insumos diversos | J106: Valor (R$)
A107: A | B107: Uniformes | J107: 0
A108: B
A109: C | B109: Equipamentos | J109: 0
A110: D | B110: Outros (especificar) | J110: 0.00
A111: Total | J111: =SUM(J107:J110) -> 0
A113: Módulo 6 - Custos Indiretos, Lucro e Tributos
...

Sheet Psicopedagogo - Charqueadas
A1: Psicopedagogo - Regime de Tributação: Lucro Real
A2: ANEXO ---- do Pregão IFSul nº XX/2022 – Câmpus XXXXX PLANILHA DE CUSTOS E FORMAÇÃO DE PREÇOS
A3: Nº do processo: | H3: XXXX
A4: Licitação nº:
A5: Dia:
A6: DISCRIMINAÇÃO DOS SERVIÇOS (DADOS REFERENTES À CONTRATAÇÃO)
A7: A | B7: Data de apresentação da proposta (dia/mês/ano)
A8: B | B8: Município/UF | H8: Charqueadas/RS
A9: C | B9: Ano do Acordo, Convenção ou Dissídio Coletivo | H9: SECRASO/RS - RS001505/2021
A10: D | B10: Número de meses de execução contratual | H10: 12
A11: IDENTIFICAÇÃO DO SERVIÇO
A12: 1. MÓDULOS Mão de obra Mão de obra vinculada à execução contratual
A15: Dados para composição dos custos referente à mão de obra
A16: 1 | B16: Tipo de Serviço (mesmo serviço com características distintas) | H16: Psicopedagogo
A17: 2 | B17: Classificação Brasileira de Ocupações (CBO) | H17: 2394-25
A18: 3 | B18: Salário Normativo da Categoria Profissional - para a jornada de 44 h/sem | H18: 4128.02
A19: 4 | B19: Categoria Profissional (vinculada à execução contratual) | H19: Psicopedagogo
A20: 5 | B20: Data-Base da Categoria (dia/mês/ano) | H20: 44287
A22: Módulo 1: Composição da Remuneração
A23: 1 | B23: Composição da Remuneração | H23: Percentual (R$) | J23: Valor (R$)
A24: A | B24: Salário-Base (valor para somente 1 Psicopedagogo (a) - 40h/semanais) | J24: 3752.75
A25: B | B25: Adicional de Insalubridade (cláusula 20 da CCT/2021) | J25: =ROUND(I25*H18,2) -> 0
A26: Total | J26: =SUM(J24:J25) -> 3752.75
A28: Módulo 2 – Encargos e Benefícios Anuais, Mensais e Diários
A29: Submódulo 2.1 – 13º (décimo terceiro) Salário e Adicional de Férias
A30: 2.1 | B30: 13º (décimo terceiro) Salário e Adicional de Férias | J30: Valor (R$)
A31: A | B31: 13º (décimo terceiro) Salário Obrigatória a cotação de 8,33% sobre o valor do Módulo 1 – Composição da Remuneração, conforme Anexo XII da IN 5/17 | I31: 0.0833 | J31: =ROUND($J$26*I31,2) -> 312.6
A32: B | B32: Adicional de Férias Obrigatória a cotação de 3,025% sobre o valor do Módulo 1 – Composição da Remuneração, conforme Anexo XII da IN 5/17 (Férias + Adicional = 9,075% + 3,025% = 12,10%) | I32: 0.03025 | J32: =ROUND($J$26*I32,2) -> 113.52
A33: Total | J33: =SUM(J31+J32) -> 426.12
A34: C | B34: Incidência dos encargos do Submódulo 2.2 sobre o total do Submódulo 2.1 | J34: =ROUND(I47*J33,2) -> 156.81
A35: Total | J35: =J33+J34 -> 582.93
A37: Submódulo 2.2 - Encargos Previdenciários (GPS), Fundo de Garantia por Tempo de Serviço (FGTS) e outras contribuições
A38: 2.2 | B38: GPS, FGTS e outras contribuições | I38: Percentual (%) | J38: Valor (R$)
A39: A | B39: INSS | I39: 0.2 | J39: =ROUND($J$26*I39,2) -> 750.55
A40: B | B40: Salário Educação | I40: 0.025 | J40: =ROUND($J$26*I40,2) -> 93.82
A41: C | B41: RAT x FAP | E41: RAT = | F41: 0.03 | G41: FAP = | H41: 1 | I41: =ROUND((F41*H41),6) -> 0.03 | J41: =ROUND($J$26*I41,2) -> 112.58
A42: D | B42: SESC ou SESI | I42: 0.015 | J42: =ROUND($J$26*I42,2) -> 56.29
A43: E | B43: SENAC ou SENAI | I43: 0.01 | J43: =ROUND($J$26*I43,2) -> 37.53
A44: F | B44: SEBRAE | I44: 0.006 | J44: =ROUND($J$26*I44,2) -> 22.52
A45: G | B45: INCRA | I45: 0.002 | J45: =ROUND($J$26*I45,2) -> 7.51
A46: H | B46: FGTS | I46: 0.08 | J46: =ROUND($J$26*I46,2) -> 300.22
A47: Total | I47: =SUM(I39:I46) -> 0.368 | J47: =SUM(J39:J46) -> 1381.02
A49: Submódulo 2.3 – Benefícios Mensais e Diários
A50: 2.3 | B50: Benefícios Mensais e Diários | J50: Valor (R$)
A51: A | B51: Transporte Cálculo do valor: [(2xVTx22) – (6%xSB)] | J51: =IF(ROUND((I54*I52*I53)-(J24*0.06),2)<0,0,ROUND((I54*I52*I53)-(J24*0.06),2))*1+(I52*I53*21.726-0.06*J24)*0 -> 0
B52: A.1) Valor da passagem do transporte coletivo no município de prestação dos serviços: Decreto nº 045, de 15 de março de 2019 | I52: 3.6 | J52: -
B53: A.2) Quantidade de passagens por dia por empregado: | I53: 2
B54: A.3) Quantidade de dias do mês de recebimento de passagens | I54: 22
A55: B | B55: Auxílio-Alimentação Cálculo do valor = [(22xAA)x(1-0,20)] | J55: =ROUND(I57*I56*(1-0.2),2)*1+ROUND(21.726*6*(1-0.2),2)*0 -> 244.64
B56: B.1) Valor do AuxilioAlimentação (clausula 22 da CCT 2021): | I56: 13.9 | J56: -
B57: B.2) Quantidade de dias do mês de recebimento de auxílio-lanche | I57: 22
A58: C | B58: Seguro contra riscos de acidente de trabalho
A59: D
A60: Total | J60: =SUM(J51:J59) -> 244.64
A62: Quadro-Resumo do Módulo 2 – Encargos e Benefícios Anuais, Mensais e Diários
A63: 2 | B63: Encargos e Benefícios Anuais, Mensais e Diários | J63: Valor (R$)
A64: 2.1 | C64: 13º (décimo terceiro) Salário e Adicional de Férias | J64: =J35 -> 582.93
A65: 2.2 | C65: GPS, FGTS e outras contribuições | J65: =J47 -> 1381.02
A66: 2.3 | C66: Benefícios Mensais e Diários | J66: =J60 -> 244.64
A67: Total | J67: =SUM(J64+J65+J66) -> 2208.59
A69: Módulo 3 - Provisão para Rescisão
A70: 3 | B70: Provisão para Rescisão | J70: Valor (R$)
A71: A | B71: Aviso Prévio Indenizado Aviso-prévio indenizado Cálculo do valor = {Rem/12 + 13º/12=(Rem/12)/12 + Férias/12=(Rem/12)/12 + (1/3xFérias)/12=1/3x[(Rem/12)/12]} x (30/30=1) x 5% de rotatividade anual - Os reflexos de 13º, F e 1/3F são referentes a 1 mês de APInd - Na prorrogação, poderão ser considerados 3 dias conforme Lei nº 12.506/2011, dependendo da análise do nº de ocorrências deste evento no período | J71: =ROUND((($J$26/12)+($J$31/12)+($J$26/12/12)+($J$32/12))*(30/30)*0.05,2) -> 18.71
A72: B | B72: Incidência do FGTS sobre o Aviso Prévio Indenizado | J72: =ROUND($J$71*I46,2) -> 1.5
A73: C | B73: Multa do FGTS e contribuição social sobre o Aviso Prévio Indenizado Obrigatória a cotação de 0,24% sobre o valor do Módulo 1 – Composição da Remuneração, conforme Anexo XII da IN Seges nº 5/2017 (0,19% + 3,81% = 4,0%) - (Lei 13.932, de 11 de dezembro de 2019) | I73: 0.0019 | J73: =ROUND($J$26*I73,2) -> 7.13
A74: D | B74: Aviso Prévio Trabalhado (negociar extinção/redução na 1ª prorrogação) Cálculo do valor= [(Rem/30)x7]/12 meses do contratox90% dos empregados - ao final do contrato | J74: =ROUND(((($J$26/30)*7)/$H$10)*0.9,2) -> 65.67
A75: E | B75: Incidência dos encargos do Submódulo 2.2 sobre o Aviso Prévio Trabalhado | J75: =ROUND($I$47*J74,2) -> 24.17
A76: F | B76: Multa do FGTS e contribuição social sobre o Aviso Prévio Trabalhado Obrigatória a cotação de 4,76% sobre o valor do Módulo 1 – Composição da Remuneração, conforme Anexo XII da IN Seges nº 5/2017 (3,81%+0,19% = 4,0%) - (Lei 13.932, de 11 de dezembro de 2019) | I76: 0.0381 | J76: =ROUND($J$26*I76,2) -> 142.98
A77: Total | J77: =SUM(J71:J76) -> 260.16
A79: Módulo 4 - Custo de Reposição do Profissional Ausente
A80: Base de cálculo para o Custo de Reposição do Profissional Ausente (substituto): BCCPA = Rem + 13º + Férias + 1/3Férias | J80: =J83+J26+J31+J32 -> 4519.43
A82: 4.1 | B82: Ausências Legais | J82: Valor (R$)
A83: A | B83: Férias | I83: 0.09075 | J83: =ROUND(($J$26*I83),2) -> 340.56
A84: B | B84: Ausências Legais Cálculo do valor = [(BCCPA/30)x2,96dias]/12 | J84: =ROUND((($J$80/30)*2.96)/12,2) -> 37.16
A85: C | B85: Licença-Paternidade Cálculo do valor = {[(BCCPA/30)x5dias]/12}x1,5% | J85: =ROUND((($J$80/30)*5)/12*0.015,2) -> 0.94
A86: D | B86: Ausência por acidente de trabalho Cálculo do valor = {[(BCCPA/30)x15dias]/12}x0,78% | J86: =ROUND(((($J$80/30)*15)/12)*0.0078,2) -> 1.47
A87: E | B87: Afastamento Maternidade Cálculo do valor = {[(Rem+1/3Rem)/12]x(4/12)}x2% | J87: =ROUND(((($J$26+$J$26/3)*4/12)/12)*0.02,2) -> 2.78
A88: F | B88: (Outros) Ausência por doença Cálculo do valor = [(BCCPA)/30)x5dias]/12 | J88: =ROUND(((($J$80/30)*5)/12),2) -> 62.77
A89: Total | J89: =SUM(J83:J88) -> 445.68
A90: G | B90: Incidência dos encargos do Submódulo 2.2 sobre o total do Submódulo 4.1 | J90: =ROUND(I47*J89,2) -> 164.01
A91: Total | J91: =SUM(J89:J90) -> 609.69
A92: Submódulo 4.2 – Intrajornada
A93: 4.2 | B93: Intrajornada | J93: Valor (R$)
A94: A | B94: Intervalo para repouso ou alimentação | J94: 0
A95: Total | J95: 0
A96: B | B96: Incidência dos encargos do Submódulo 2.2 sobre o total do Submódulo 4.2 | J96: =ROUND(I47*J95,2) -> 0
A97: Total | J97: =SUM(J95:J96) -> 0
A99: Quadro-Resumo do Módulo 4 – Custo de Reposição do Profissional Ausente
A100: 4 | B100: Custo de Reposição do Profissional Ausente | J100: Valor (R$)
A101: 4.1 | B101: Ausências Legais | J101: =J91 -> 609.69
A102: 4.2 | B102: Intrajornada | J102: =J97 -> 0
A103: Total | J103: =SUM(J101+J102) -> 609.69
A105: Módulo 5 – Insumos Diversos
A106: 5 | B106: Insumos diversos | J106: Valor (R$)
A107: A | B107: Uniformes | J107: 0
A108: B
A109: C | B109: Equipamentos | J109: 0
A110: D | B110: Outros (especificar) | J110: 0.00
A111: Total | J111: =SUM(J107:J110) -> 0
A113: Módulo 6 - Custos Indiretos, Lucro e Tributos
...

Sheet Psicopedagogo - Gravataí
A1: Psicopedagogo - Regime de Tributação: Lucro Real
A2: ANEXO ---- do Pregão IFSul nº XX/2022 – Câmpus XXXXX PLANILHA DE CUSTOS E FORMAÇÃO DE PREÇOS
A3: Nº do processo: | H3: XXXX
A4: Licitação nº:
A5: Dia:
A6: DISCRIMINAÇÃO DOS SERVIÇOS (DADOS REFERENTES À CONTRATAÇÃO)
A7: A | B7: Data de apresentação da proposta (dia/mês/ano)
A8: B | B8: Município/UF | H8: Gravataí/RS
A9: C | B9: Ano do Acordo, Convenção ou Dissídio Coletivo | H9: SECRASO/RS - RS001505/2021
A10: D | B10: Número de meses de execução contratual | H10: 12
A11: IDENTIFICAÇÃO DO SERVIÇO
A12: 1. MÓDULOS Mão de obra Mão de obra vinculada à execução contratual
A15: Dados para composição dos custos referente à mão de obra
A16: 1 | B16: Tipo de Serviço (mesmo serviço com características distintas) | H16: Psicopedagogo
A17: 2 | B17: Classificação Brasileira de Ocupações (CBO) | H17: 2394-25
A18: 3 | B18: Salário Normativo da Categoria Profissional - para a jornada de 44 h/sem | H18: 4128.02
A19: 4 | B19: Categoria Profissional (vinculada à execução contratual) | H19: Psicopedagogo
A20: 5 | B20: Data-Base da Categoria (dia/mês/ano) | H20: 44287
A22: Módulo 1: Composição da Remuneração
A23: 1 | B23: Composição da Remuneração | H23: Percentual (R$) | J23: Valor (R$)
A24: A | B24: Salário-Base (valor para somente 1 Psicopedagogo (a) - 40h/semanais) | J24: 3752.75
A25: B | B25: Adicional de Insalubridade (cláusula 20 da CCT/2021) | J25: =ROUND(I25*H18,2) -> 0
A26: Total | J26: =SUM(J24:J25) -> 3752.75
A28: Módulo 2 – Encargos e Benefícios Anuais, Mensais e Diários
A29: Submódulo 2.1 – 13º (décimo terceiro) Salário e Adicional de Férias
A30: 2.1 | B30: 13º (décimo terceiro) Salário e Adicional de Férias | J30: Valor (R$)
A31: A | B31: 13º (décimo terceiro) Salário Obrigatória a cotação de 8,33% sobre o valor do Módulo 1 – Composição da Remuneração, conforme Anexo XII da IN 5/17 | I31: 0.0833 | J31: =ROUND($J$26*I31,2) -> 312.6
A32: B | B32: Adicional de Férias Obrigatória a cotação de 3,025% sobre o valor do Módulo 1 – Composição da Remuneração, conforme Anexo XII da IN 5/17 (Férias + Adicional = 9,075% + 3,025% = 12,10%) | I32: 0.03025 | J32: =ROUND($J$26*I32,2) -> 113.52
A33: Total | J33: =SUM(J31+J32) -> 426.12
A34: C | B34: Incidência dos encargos do Submódulo 2.2 sobre o total do Submódulo 2.1 | J34: =ROUND(I47*J33,2) -> 156.81
A35: Total | J35: =J33+J34 -> 582.93
A37: Submódulo 2.2 - Encargos Previdenciários (GPS), Fundo de Garantia por Tempo de Serviço (FGTS) e outras contribuições
A38: 2.2 | B38: GPS, FGTS e outras contribuições | I38: Percentual (%) | J38: Valor (R$)
A39: A | B39: INSS | I39: 0.2 | J39: =ROUND($J$26*I39,2) -> 750.55
A40: B | B40: Salário Educação | I40: 0.025 | J40: =ROUND($J$26*I40,2) -> 93.82
A41: C | B41: RAT x FAP | E41: RAT = | F41: 0.03 | G41: FAP = | H41: 1 | I41: =ROUND((F41*H41),6) -> 0.03 | J41: =ROUND($J$26*I41,2) -> 112.58
A42: D | B42: SESC ou SESI | I42: 0.015 | J42: =ROUND($J$26*I42,2) -> 56.29
A43: E | B43: SENAC ou SENAI | I43: 0.01 | J43: =ROUND($J$26*I43,2) -> 37.53
A44: F | B44: SEBRAE | I44: 0.006 | J44: =ROUND($J$26*I44,2) -> 22.52
A45: G | B45: INCRA | I45: 0.002 | J45: =ROUND($J$26*I45,2) -> 7.51
A46: H | B46: FGTS | I46: 0.08 | J46: =ROUND($J$26*I46,2) -> 300.22
A47: Total | I47: =SUM(I39:I46) -> 0.368 | J47: =SUM(J39:J46) -> 1381.02
A49: Submódulo 2.3 – Benefícios Mensais e Diários
A50: 2.3 | B50: Benefícios Mensais e Diários | J50: Valor (R$)
A51: A | B51: Transporte Cálculo do valor: [(2xVTx22) – (6%xSB)] | J51: =IF(ROUND((I54*I52*I53)-(J24*0.06),2)<0,0,ROUND((I54*I52*I53)-(J24*0.06),2))*1+(I52*I53*21.726-0.06*J24)*0 -> 0
B52: A.1) Valor da passagem do transporte coletivo no município de prestação dos serviços: Decreto nº 045, de 15 de março de 2019 | I52: 3.75 | J52: -
B53: A.2) Quantidade de passagens por dia por empregado: | I53: 2
B54: A.3) Quantidade de dias do mês de recebimento de passagens | I54: 22
A55: B | B55: Auxílio-Alimentação Cálculo do valor = [(22xAA)x(1-0,20)] | J55: =ROUND(I57*I56*(1-0.2),2)*1+ROUND(21.726*6*(1-0.2),2)*0 -> 244.64
B56: B.1) Valor do AuxilioAlimentação (clausula 22 da CCT 2021): | I56: 13.9 | J56: -
B57: B.2) Quantidade de dias do mês de recebimento de auxílio-lanche | I57: 22
A58: C | B58: Seguro contra riscos de acidente de trabalho
A59: D
A60: Total | J60: =SUM(J51:J59) -> 244.64
A62: Quadro-Resumo do Módulo 2 – Encargos e Benefícios Anuais, Mensais e Diários
A63: 2 | B63: Encargos e Benefícios Anuais, Mensais e Diários | J63: Valor (R$)
A64: 2.1 | C64: 13º (décimo terceiro) Salário e Adicional de Férias | J64: =J35 -> 582.93
A65: 2.2 | C65: GPS, FGTS e outras contribuições | J65: =J47 -> 1381.02
A66: 2.3 | C66: Benefícios Mensais e Diários | J66: =J60 -> 244.64
A67: Total | J67: =SUM(J64+J65+J66) -> 2208.59
A69: Módulo 3 - Provisão para Rescisão
A70: 3 | B70: Provisão para Rescisão | J70: Valor (R$)
A71: A | B71: Aviso Prévio Indenizado Aviso-prévio indenizado Cálculo do valor = {Rem/12 + 13º/12=(Rem/12)/12 + Férias/12=(Rem/12)/12 + (1/3xFérias)/12=1/3x[(Rem/12)/12]} x (30/30=1) x 5% de rotatividade anual - Os reflexos de 13º, F e 1/3F são referentes a 1 mês de APInd - Na prorrogação, poderão ser considerados 3 dias conforme Lei nº 12.506/2011, dependendo da análise do nº de ocorrências deste evento no período | J71: =ROUND((($J$26/12)+($J$31/12)+($J$26/12/12)+($J$32/12))*(30/30)*0.05,2) -> 18.71
A72: B | B72: Incidência do FGTS sobre o Aviso Prévio Indenizado | J72: =ROUND($J$71*I46,2) -> 1.5
A73: C | B73: Multa do FGTS e contribuição social sobre o Aviso Prévio Indenizado Obrigatória a cotação de 0,24% sobre o valor do Módulo 1 – Composição da Remuneração, conforme Anexo XII da IN Seges nº 5/2017 (0,19% + 3,81% = 4,0%) - (Lei 13.932, de 11 de dezembro de 2019) | I73: 0.0019 | J73: =ROUND($J$26*I73,2) -> 7.13
A74: D | B74: Aviso Prévio Trabalhado (negociar extinção/redução na 1ª prorrogação) Cálculo do valor= [(Rem/30)x7]/12 meses do contratox90% dos empregados - ao final do contrato | J74: =ROUND(((($J$26/30)*7)/$H$10)*0.9,2) -> 65.67
A75: E | B75: Incidência dos encargos do Submódulo 2.2 sobre o Aviso Prévio Trabalhado | J75: =ROUND($I$47*J74,2) -> 24.17
A76: F | B76: Multa do FGTS e contribuição social sobre o Aviso Prévio Trabalhado Obrigatória a cotação de 4,76% sobre o valor do Módulo 1 – Composição da Remuneração, conforme Anexo XII da IN Seges nº 5/2017 (3,81%+0,19% = 4,0%) - (Lei 13.932, de 11 de dezembro de 2019) | I76: 0.0381 | J76: =ROUND($J$26*I76,2) -> 142.98
A77: Total | J77: =SUM(J71:J76) -> 260.16
A79: Módulo 4 - Custo de Reposição do Profissional Ausente
A80: Base de cálculo para o Custo de Reposição do Profissional Ausente (substituto): BCCPA = Rem + 13º + Férias + 1/3Férias | J80: =J83+J26+J31+J32 -> 4519.43
A82: 4.1 | B82: Ausências Legais | J82: Valor (R$)
A83: A | B83: Férias | I83: 0.09075 | J83: =ROUND(($J$26*I83),2) -> 340.56
A84: B | B84: Ausências Legais Cálculo do valor = [(BCCPA/30)x2,96dias]/12 | J84: =ROUND((($J$80/30)*2.96)/12,2) -> 37.16
A85: C | B85: Licença-Paternidade Cálculo do valor = {[(BCCPA/30)x5dias]/12}x1,5% | J85: =ROUND((($J$80/30)*5)/12*0.015,2) -> 0.94
A86: D | B86: Ausência por acidente de trabalho Cálculo do valor = {[(BCCPA/30)x15dias]/12}x0,78% | J86: =ROUND(((($J$80/30)*15)/12)*0.0078,2) -> 1.47
A87: E | B87: Afastamento Maternidade Cálculo do valor = {[(Rem+1/3Rem)/12]x(4/12)}x2% | J87: =ROUND(((($J$26+$J$26/3)*4/12)/12)*0.02,2) -> 2.78
A88: F | B88: (Outros) Ausência por doença Cálculo do valor = [(BCCPA)/30)x5dias]/12 | J88: =ROUND(((($J$80/30)*5)/12),2) -> 62.77
A89: Total | J89: =SUM(J83:J88) -> 445.68
A90: G | B90: Incidência dos encargos do Submódulo 2.2 sobre o total do Submódulo 4.1 | J90: =ROUND(I47*J89,2) -> 164.01
A91: Total | J91: =SUM(J89:J90) -> 609.69
A92: Submódulo 4.2 – Intrajornada
A93: 4.2 | B93: Intrajornada | J93: Valor (R$)
A94: A | B94: Intervalo para repouso ou alimentação | J94: 0
A95: Total | J95: 0
A96: B | B96: Incidência dos encargos do Submódulo 2.2 sobre o total do Submódulo 4.2 | J96: =ROUND(I47*J95,2) -> 0
A97: Total | J97: =SUM(J95:J96) -> 0
A99: Quadro-Resumo do Módulo 4 – Custo de Reposição do Profissional Ausente
A100: 4 | B100: Custo de Reposição do Profissional Ausente | J100: Valor (R$)
A101: 4.1 | B101: Ausências Legais | J101: =J91 -> 609.69
A102: 4.2 | B102: Intrajornada | J102: =J97 -> 0
A103: Total | J103: =SUM(J101+J102) -> 609.69
A105: Módulo 5 – Insumos Diversos
A106: 5 | B106: Insumos diversos | J106: Valor (R$)
A107: A | B107: Uniformes | J107: 0
A108: B
A109: C | B109: Equipamentos | J109: 0
A110: D | B110: Outros (especificar) | J110: 0.00
A111: Total | J111: =SUM(J107:J110) -> 0
A113: Módulo 6 - Custos Indiretos, Lucro e Tributos
...

Sheet Psicopedagogo - Jaguarão
A1: Psicopedagogo - Regime de Tributação: Lucro Real
A2: ANEXO ---- do Pregão IFSul nº XX/2022 – Câmpus XXXXX PLANILHA DE CUSTOS E FORMAÇÃO DE PREÇOS
A3: Nº do processo: | H3: XXXX
A4: Licitação nº:
A5: Dia:
A6: DISCRIMINAÇÃO DOS SERVIÇOS (DADOS REFERENTES À CONTRATAÇÃO)
A7: A | B7: Data de apresentação da proposta (dia/mês/ano)
A8: B | B8: Município/UF | H8: Jaguarão/RS
A9: C | B9: Ano do Acordo, Convenção ou Dissídio Coletivo | H9: SECRASO/RS - RS001505/2021
A10: D | B10: Número de meses de execução contratual | H10: 12
A11: IDENTIFICAÇÃO DO SERVIÇO
A12: 1. MÓDULOS Mão de obra Mão de obra vinculada à execução contratual
A15: Dados para composição dos custos referente à mão de obra
A16: 1 | B16: Tipo de Serviço (mesmo serviço com características distintas) | H16: Psicopedagogo
A17: 2 | B17: Classificação Brasileira de Ocupações (CBO) | H17: 2394-25
A18: 3 | B18: Salário Normativo da Categoria Profissional - para a jornada de 44 h/sem | H18: 4128.02
A19: 4 | B19: Categoria Profissional (vinculada à execução contratual) | H19: Psicopedagogo
A20: 5 | B20: Data-Base da Categoria (dia/mês/ano) | H20: 44287
A22: Módulo 1: Composição da Remuneração
A23: 1 | B23: Composição da Remuneração | H23: Percentual (R$) | J23: Valor (R$)
A24: A | B24: Salário-Base (valor para somente 1 Psicopedagogo (a) - 40h/semanais) | J24: 3752.75
A25: B | B25: Adicional de Insalubridade (cláusula 20 da CCT/2021) | J25: =ROUND(I25*H18,2) -> 0
A26: Total | J26: =SUM(J24:J25) -> 3752.75
A28: Módulo 2 – Encargos e Benefícios Anuais, Mensais e Diários
A29: Submódulo 2.1 – 13º (décimo terceiro) Salário e Adicional de Férias
A30: 2.1 | B30: 13º (décimo terceiro) Salário e Adicional de Férias | J30: Valor (R$)
A31: A | B31: 13º (décimo terceiro) Salário Obrigatória a cotação de 8,33% sobre o valor do Módulo 1 – Composição da Remuneração, conforme Anexo XII da IN 5/17 | I31: 0.0833 | J31: =ROUND($J$26*I31,2) -> 312.6
A32: B | B32: Adicional de Férias Obrigatória a cotação de 3,025% sobre o valor do Módulo 1 – Composição da Remuneração, conforme Anexo XII da IN 5/17 (Férias + Adicional = 9,075% + 3,025% = 12,10%) | I32: 0.03025 | J32: =ROUND($J$26*I32,2) -> 113.52
A33: Total | J33: =SUM(J31+J32) -> 426.12
A34: C | B34: Incidência dos encargos do Submódulo 2.2 sobre o total do Submódulo 2.1 | J34: =ROUND(I47*J33,2) -> 156.81
A35: Total | J35: =J33+J34 -> 582.93
A37: Submódulo 2.2 - Encargos Previdenciários (GPS), Fundo de Garantia por Tempo de Serviço (FGTS) e outras contribuições
A38: 2.2 | B38: GPS, FGTS e outras contribuições | I38: Percentual (%) | J38: Valor (R$)
A39: A | B39: INSS | I39: 0.2 | J39: =ROUND($J$26*I39,2) -> 750.55
A40: B | B40: Salário Educação | I40: 0.025 | J40: =ROUND($J$26*I40,2) -> 93.82
A41: C | B41: RAT x FAP | E41: RAT = | F41: 0.03 | G41: FAP = | H41: 1 | I41: =ROUND((F41*H41),6) -> 0.03 | J41: =ROUND($J$26*I41,2) -> 112.58
A42: D | B42: SESC ou SESI | I42: 0.015 | J42: =ROUND($J$26*I42,2) -> 56.29
A43: E | B43: SENAC ou SENAI | I43: 0.01 | J43: =ROUND($J$26*I43,2) -> 37.53
A44: F | B44: SEBRAE | I44: 0.006 | J44: =ROUND($J$26*I44,2) -> 22.52
A45: G | B45: INCRA | I45: 0.002 | J45: =ROUND($J$26*I45,2) -> 7.51
A46: H | B46: FGTS | I46: 0.08 | J46: =ROUND($J$26*I46,2) -> 300.22
A47: Total | I47: =SUM(I39:I46) -> 0.368 | J47: =SUM(J39:J46) -> 1381.02
A49: Submódulo 2.3 – Benefícios Mensais e Diários
A50: 2.3 | B50: Benefícios Mensais e Diários | J50: Valor (R$)
A51: A | B51: Transporte Cálculo do valor: [(2xVTx22) – (6%xSB)] | J51: =IF(ROUND((I54*I52*I53)-(J24*0.06),2)<0,0,ROUND((I54*I52*I53)-(J24*0.06),2))*1+(I52*I53*21.726-0.06*J24)*0 -> 0
B52: A.1) Valor da passagem do transporte coletivo no município de prestação dos serviços: Decreto nº 045, de 15 de março de 2019 | I52: 3.5 | J52: -
B53: A.2) Quantidade de passagens por dia por empregado: | I53: 2
B54: A.3) Quantidade de dias do mês de recebimento de passagens | I54: 22
A55: B | B55: Auxílio-Alimentação Cálculo do valor = [(22xAA)x(1-0,20)] | J55: =ROUND(I57*I56*(1-0.2),2)*1+ROUND(21.726*6*(1-0.2),2)*0 -> 244.64
B56: B.1) Valor do AuxilioAlimentação (clausula 22 da CCT 2021): | I56: 13.9 | J56: -
B57: B.2) Quantidade de dias do mês de recebimento de auxílio-lanche | I57: 22
A58: C | B58: Seguro contra riscos de acidente de trabalho
A59: D
A60: Total | J60: =SUM(J51:J59) -> 244.64
A62: Quadro-Resumo do Módulo 2 – Encargos e Benefícios Anuais, Mensais e Diários
A63: 2 | B63: Encargos e Benefícios Anuais, Mensais e Diários | J63: Valor (R$)
A64: 2.1 | C64: 13º (décimo terceiro) Salário e Adicional de Férias | J64: =J35 -> 582.93
A65: 2.2 | C65: GPS, FGTS e outras contribuições | J65: =J47 -> 1381.02
A66: 2.3 | C66: Benefícios Mensais e Diários | J66: =J60 -> 244.64
A67: Total | J67: =SUM(J64+J65+J66) -> 2208.59
A69: Módulo 3 - Provisão para Rescisão
A70: 3 | B70: Provisão para Rescisão | J70: Valor (R$)
A71: A | B71: Aviso Prévio Indenizado Aviso-prévio indenizado Cálculo do valor = {Rem/12 + 13º/12=(Rem/12)/12 + Férias/12=(Rem/12)/12 + (1/3xFérias)/12=1/3x[(Rem/12)/12]} x (30/30=1) x 5% de rotatividade anual - Os reflexos de 13º, F e 1/3F são referentes a 1 mês de APInd - Na prorrogação, poderão ser considerados 3 dias conforme Lei nº 12.506/2011, dependendo da análise do nº de ocorrências deste evento no período | J71: =ROUND((($J$26/12)+($J$31/12)+($J$26/12/12)+($J$32/12))*(30/30)*0.05,2) -> 18.71
A72: B | B72: Incidência do FGTS sobre o Aviso Prévio Indenizado | J72: =ROUND($J$71*I46,2) -> 1.5
A73: C | B73: Multa do FGTS e contribuição social sobre o Aviso Prévio Indenizado Obrigatória a cotação de 0,24% sobre o valor do Módulo 1 – Composição da Remuneração, conforme Anexo XII da IN Seges nº 5/2017 (0,19% + 3,81% = 4,0%) - (Lei 13.932, de 11 de dezembro de 2019) | I73: 0.0019 | J73: =ROUND($J$26*I73,2) -> 7.13
A74: D | B74: Aviso Prévio Trabalhado (negociar extinção/redução na 1ª prorrogação) Cálculo do valor= [(Rem/30)x7]/12 meses do contratox90% dos empregados - ao final do contrato | J74: =ROUND(((($J$26/30)*7)/$H$10)*0.9,2) -> 65.67
A75: E | B75: Incidência dos encargos do Submódulo 2.2 sobre o Aviso Prévio Trabalhado | J75: =ROUND($I$47*J74,2) -> 24.17
A76: F | B76: Multa do FGTS e contribuição social sobre o Aviso Prévio Trabalhado Obrigatória a cotação de 4,76% sobre o valor do Módulo 1 – Composição da Remuneração, conforme Anexo XII da IN Seges nº 5/2017 (3,81%+0,19% = 4,0%) - (Lei 13.932, de 11 de dezembro de 2019) | I76: 0.0381 | J76: =ROUND($J$26*I76,2) -> 142.98
A77: Total | J77: =SUM(J71:J76) -> 260.16
A79: Módulo 4 - Custo de Reposição do Profissional Ausente
A80: Base de cálculo para o Custo de Reposição do Profissional Ausente (substituto): BCCPA = Rem + 13º + Férias + 1/3Férias | J80: =J83+J26+J31+J32 -> 4519.43
A82: 4.1 | B82: Ausências Legais | J82: Valor (R$)
A83: A | B83: Férias | I83: 0.09075 | J83: =ROUND(($J$26*I83),2) -> 340.56
A84: B | B84: Ausências Legais Cálculo do valor = [(BCCPA/30)x2,96dias]/12 | J84: =ROUND((($J$80/30)*2.96)/12,2) -> 37.16
A85: C | B85: Licença-Paternidade Cálculo do valor = {[(BCCPA/30)x5dias]/12}x1,5% | J85: =ROUND((($J$80/30)*5)/12*0.015,2) -> 0.94
A86: D | B86: Ausência por acidente de trabalho Cálculo do valor = {[(BCCPA/30)x15dias]/12}x0,78% | J86: =ROUND(((($J$80/30)*15)/12)*0.0078,2) -> 1.47
A87: E | B87: Afastamento Maternidade Cálculo do valor = {[(Rem+1/3Rem)/12]x(4/12)}x2% | J87: =ROUND(((($J$26+$J$26/3)*4/12)/12)*0.02,2) -> 2.78
A88: F | B88: (Outros) Ausência por doença Cálculo do valor = [(BCCPA)/30)x5dias]/12 | J88: =ROUND(((($J$80/30)*5)/12),2) -> 62.77
A89: Total | J89: =SUM(J83:J88) -> 445.68
A90: G | B90: Incidência dos encargos do Submódulo 2.2 sobre o total do Submódulo 4.1 | J90: =ROUND(I47*J89,2) -> 164.01
A91: Total | J91: =SUM(J89:J90) -> 609.69
A92: Submódulo 4.2 – Intrajornada
A93: 4.2 | B93: Intrajornada | J93: Valor (R$)
A94: A | B94: Intervalo para repouso ou alimentação | J94: 0
A95: Total | J95: 0
A96: B | B96: Incidência dos encargos do Submódulo 2.2 sobre o total do Submódulo 4.2 | J96: =ROUND(I47*J95,2) -> 0
A97: Total | J97: =SUM(J95:J96) -> 0
A99: Quadro-Resumo do Módulo 4 – Custo de Reposição do Profissional Ausente
A100: 4 | B100: Custo de Reposição do Profissional Ausente | J100: Valor (R$)
A101: 4.1 | B101: Ausências Legais | J101: =J91 -> 609.69
A102: 4.2 | B102: Intrajornada | J102: =J97 -> 0
A103: Total | J103: =SUM(J101+J102) -> 609.69
A105: Módulo 5 – Insumos Diversos
A106: 5 | B106: Insumos diversos | J106: Valor (R$)
A107: A | B107: Uniformes | J107: 0
A108: B
A109: C | B109: Equipamentos | J109: 0
A110: D | B110: Outros (especificar) | J110: 0.00
A111: Total | J111: =SUM(J107:J110) -> 0
A113: Módulo 6 - Custos Indiretos, Lucro e Tributos
...

Sheet Psicopedagogo - Lajeado
A1: Psicopedagogo - Regime de Tributação: Lucro Real
A2: ANEXO ---- do Pregão IFSul nº XX/2022 – Câmpus XXXXX PLANILHA DE CUSTOS E FORMAÇÃO DE PREÇOS
A3: Nº do processo: | H3: XXXX
A4: Licitação nº:
A5: Dia:
A6: DISCRIMINAÇÃO DOS SERVIÇOS (DADOS REFERENTES À CONTRATAÇÃO)
A7: A | B7: Data de apresentação da proposta (dia/mês/ano)
A8: B | B8: Município/UF | H8: Lajeado/RS
A9: C | B9: Ano do Acordo, Convenção ou Dissídio Coletivo | H9: SECRASO/RS - RS001505/2021
A10: D | B10: Número de meses de execução contratual | H10: 12
A11: IDENTIFICAÇÃO DO SERVIÇO
A12: 1. MÓDULOS Mão de obra Mão de obra vinculada à execução contratual
A15: Dados para composição dos custos referente à mão de obra
A16: 1 | B16: Tipo de Serviço (mesmo serviço com características distintas) | H16: Psicopedagogo
A17: 2 | B17: Classificação Brasileira de Ocupações (CBO) | H17: 2394-25
A18: 3 | B18: Salário Normativo da Categoria Profissional - para a jornada de 44 h/sem | H18: 4128.02
A19: 4 | B19: Categoria Profissional (vinculada à execução contratual) | H19: Psicopedagogo
A20: 5 | B20: Data-Base da Categoria (dia/mês/ano) | H20: 44287
A22: Módulo 1: Composição da Remuneração
A23: 1 | B23: Composição da Remuneração | H23: Percentual (R$) | J23: Valor (R$)
A24: A | B24: Salário-Base (valor para somente 1 Psicopedagogo (a) - 40h/semanais) | J24: 3752.75
A25: B | B25: Adicional de Insalubridade (cláusula 20 da CCT/2021) | J25: =ROUND(I25*H18,2) -> 0
A26: Total | J26: =SUM(J24:J25) -> 3752.75
A28: Módulo 2 – Encargos e Benefícios Anuais, Mensais e Diários
A29: Submódulo 2.1 – 13º (décimo terceiro) Salário e Adicional de Férias
A30: 2.1 | B30: 13º (décimo terceiro) Salário e Adicional de Férias | J30: Valor (R$)
A31: A | B31: 13º (décimo terceiro) Salário Obrigatória a cotação de 8,33% sobre o valor do Módulo 1 – Composição da Remuneração, conforme Anexo XII da IN 5/17 | I31: 0.0833 | J31: =ROUND($J$26*I31,2) -> 312.6
A32: B | B32: Adicional de Férias Obrigatória a cotação de 3,025% sobre o valor do Módulo 1 – Composição da Remuneração, conforme Anexo XII da IN 5/17 (Férias + Adicional = 9,075% + 3,025% = 12,10%) | I32: 0.03025 | J32: =ROUND($J$26*I32,2) -> 113.52
A33: Total | J33: =SUM(J31+J32) -> 426.12
A34: C | B34: Incidência dos encargos do Submódulo 2.2 sobre o total do Submódulo 2.1 | J34: =ROUND(I47*J33,2) -> 156.81
A35: Total | J35: =J33+J34 -> 582.93
A37: Submódulo 2.2 - Encargos Previdenciários (GPS), Fundo de Garantia por Tempo de Serviço (FGTS) e outras contribuições
A38: 2.2 | B38: GPS, FGTS e outras contribuições | I38: Percentual (%) | J38: Valor (R$)
A39: A | B39: INSS | I39: 0.2 | J39: =ROUND($J$26*I39,2) -> 750.55
A40: B | B40: Salário Educação | I40: 0.025 | J40: =ROUND($J$26*I40,2) -> 93.82
A41: C | B41: RAT x FAP | E41: RAT = | F41: 0.03 | G41: FAP = | H41: 1 | I41: =ROUND((F41*H41),6) -> 0.03 | J41: =ROUND($J$26*I41,2) -> 112.58
A42: D | B42: SESC ou SESI | I42: 0.015 | J42: =ROUND($J$26*I42,2) -> 56.29
A43: E | B43: SENAC ou SENAI | I43: 0.01 | J43: =ROUND($J$26*I43,2) -> 37.53
A44: F | B44: SEBRAE | I44: 0.006 | J44: =ROUND($J$26*I44,2) -> 22.52
A45: G | B45: INCRA | I45: 0.002 | J45: =ROUND($J$26*I45,2) -> 7.51
A46: H | B46: FGTS | I46: 0.08 | J46: =ROUND($J$26*I46,2) -> 300.22
A47: Total | I47: =SUM(I39:I46) -> 0.368 | J47: =SUM(J39:J46) -> 1381.02
A49: Submódulo 2.3 – Benefícios Mensais e Diários
A50: 2.3 | B50: Benefícios Mensais e Diários | J50: Valor (R$)
A51: A | B51: Transporte Cálculo do valor: [(2xVTx22) – (6%xSB)] | J51: =IF(ROUND((I54*I52*I53)-(J24*0.06),2)<0,0,ROUND((I54*I52*I53)-(J24*0.06),2))*1+(I52*I53*21.726-0.06*J24)*0 -> 0
B52: A.1) Valor da passagem do transporte coletivo no município de prestação dos serviços: Decreto nº 045, de 15 de março de 2019 | I52: 4.5 | J52: -
B53: A.2) Quantidade de passagens por dia por empregado: | I53: 2
B54: A.3) Quantidade de dias do mês de recebimento de passagens | I54: 22
A55: B | B55: Auxílio-Alimentação Cálculo do valor = [(22xAA)x(1-0,20)] | J55: =ROUND(I57*I56*(1-0.2),2)*1+ROUND(21.726*6*(1-0.2),2)*0 -> 244.64
B56: B.1) Valor do AuxilioAlimentação (clausula 22 da CCT 2021): | I56: 13.9 | J56: -
B57: B.2) Quantidade de dias do mês de recebimento de auxílio-lanche | I57: 22
A58: C | B58: Seguro contra riscos de acidente de trabalho
A59: D
A60: Total | J60: =SUM(J51:J59) -> 244.64
A62: Quadro-Resumo do Módulo 2 – Encargos e Benefícios Anuais, Mensais e Diários
A63: 2 | B63: Encargos e Benefícios Anuais, Mensais e Diários | J63: Valor (R$)
A64: 2.1 | C64: 13º (décimo terceiro) Salário e Adicional de Férias | J64: =J35 -> 582.93
A65: 2.2 | C65: GPS, FGTS e outras contribuições | J65: =J47 -> 1381.02
A66: 2.3 | C66: Benefícios Mensais e Diários | J66: =J60 -> 244.64
A67: Total | J67: =SUM(J64+J65+J66) -> 2208.59
A69: Módulo 3 - Provisão para Rescisão
A70: 3 | B70: Provisão para Rescisão | J70: Valor (R$)
A71: A | B71: Aviso Prévio Indenizado Aviso-prévio indenizado Cálculo do valor = {Rem/12 + 13º/12=(Rem/12)/12 + Férias/12=(Rem/12)/12 + (1/3xFérias)/12=1/3x[(Rem/12)/12]} x (30/30=1) x 5% de rotatividade anual - Os reflexos de 13º, F e 1/3F são referentes a 1 mês de APInd - Na prorrogação, poderão ser considerados 3 dias conforme Lei nº 12.506/2011, dependendo da análise do nº de ocorrências deste evento no período | J71: =ROUND((($J$26/12)+($J$31/12)+($J$26/12/12)+($J$32/12))*(30/30)*0.05,2) -> 18.71
A72: B | B72: Incidência do FGTS sobre o Aviso Prévio Indenizado | J72: =ROUND($J$71*I46,2) -> 1.5
A73: C | B73: Multa do FGTS e contribuição social sobre o Aviso Prévio Indenizado Obrigatória a cotação de 0,24% sobre o valor do Módulo 1 – Composição da Remuneração, conforme Anexo XII da IN Seges nº 5/2017 (0,19% + 3,81% = 4,0%) - (Lei 13.932, de 11 de dezembro de 2019) | I73: 0.0019 | J73: =ROUND($J$26*I73,2) -> 7.13
A74: D | B74: Aviso Prévio Trabalhado (negociar extinção/redução na 1ª prorrogação) Cálculo do valor= [(Rem/30)x7]/12 meses do contratox90% dos empregados - ao final do contrato | J74: =ROUND(((($J$26/30)*7)/$H$10)*0.9,2) -> 65.67
A75: E | B75: Incidência dos encargos do Submódulo 2.2 sobre o Aviso Prévio Trabalhado | J75: =ROUND($I$47*J74,2) -> 24.17
A76: F | B76: Multa do FGTS e contribuição social sobre o Aviso Prévio Trabalhado Obrigatória a cotação de 4,76% sobre o valor do Módulo 1 – Composição da Remuneração, conforme Anexo XII da IN Seges nº 5/2017 (3,81%+0,19% = 4,0%) - (Lei 13.932, de 11 de dezembro de 2019) | I76: 0.0381 | J76: =ROUND($J$26*I76,2) -> 142.98
A77: Total | J77: =SUM(J71:J76) -> 260.16
A79: Módulo 4 - Custo de Reposição do Profissional Ausente
A80: Base de cálculo para o Custo de Reposição do Profissional Ausente (substituto): BCCPA = Rem + 13º + Férias + 1/3Férias | J80: =J83+J26+J31+J32 -> 4519.43
A82: 4.1 | B82: Ausências Legais | J82: Valor (R$)
A83: A | B83: Férias | I83: 0.09075 | J83: =ROUND(($J$26*I83),2) -> 340.56
A84: B | B84: Ausências Legais Cálculo do valor = [(BCCPA/30)x2,96dias]/12 | J84: =ROUND((($J$80/30)*2.96)/12,2) -> 37.16
A85: C | B85: Licença-Paternidade Cálculo do valor = {[(BCCPA/30)x5dias]/12}x1,5% | J85: =ROUND((($J$80/30)*5)/12*0.015,2) -> 0.94
A86: D | B86: Ausência por acidente de trabalho Cálculo do valor = {[(BCCPA/30)x15dias]/12}x0,78% | J86: =ROUND(((($J$80/30)*15)/12)*0.0078,2) -> 1.47
A87: E | B87: Afastamento Maternidade Cálculo do valor = {[(Rem+1/3Rem)/12]x(4/12)}x2% | J87: =ROUND(((($J$26+$J$26/3)*4/12)/12)*0.02,2) -> 2.78
A88: F | B88: (Outros) Ausência por doença Cálculo do valor = [(BCCPA)/30)x5dias]/12 | J88: =ROUND(((($J$80/30)*5)/12),2) -> 62.77
A89: Total | J89: =SUM(J83:J88) -> 445.68
A90: G | B90: Incidência dos encargos do Submódulo 2.2 sobre o total do Submódulo 4.1 | J90: =ROUND(I47*J89,2) -> 164.01
A91: Total | J91: =SUM(J89:J90) -> 609.69
A92: Submódulo 4.2 – Intrajornada
A93: 4.2 | B93: Intrajornada | J93: Valor (R$)
A94: A | B94: Intervalo para repouso ou alimentação | J94: 0
A95: Total | J95: 0
A96: B | B96: Incidência dos encargos do Submódulo 2.2 sobre o total do Submódulo 4.2 | J96: =ROUND(I47*J95,2) -> 0
A97: Total | J97: =SUM(J95:J96) -> 0
A99: Quadro-Resumo do Módulo 4 – Custo de Reposição do Profissional Ausente
A100: 4 | B100: Custo de Reposição do Profissional Ausente | J100: Valor (R$)
A101: 4.1 | B101: Ausências Legais | J101: =J91 -> 609.69
A102: 4.2 | B102: Intrajornada | J102: =J97 -> 0
A103: Total | J103: =SUM(J101+J102) -> 609.69
A105: Módulo 5 – Insumos Diversos
A106: 5 | B106: Insumos diversos | J106: Valor (R$)
A107: A | B107: Uniformes | J107: 0
A108: B
A109: C | B109: Equipamentos | J109: 0
A110: D | B110: Outros (especificar) | J110: 0.00
A111: Total | J111: =SUM(J107:J110) -> 0
A113: Módulo 6 - Custos Indiretos, Lucro e Tributos
...

Sheet Psicopedagogo - Novo Hamburgo
A1: Psicopedagogo - Regime de Tributação: Lucro Real
A2: ANEXO ---- do Pregão IFSul nº XX/2022 – Câmpus XXXXX PLANILHA DE CUSTOS E FORMAÇÃO DE PREÇOS
A3: Nº do processo: | H3: XXXX
A4: Licitação nº:
A5: Dia:
A6: DISCRIMINAÇÃO DOS SERVIÇOS (DADOS REFERENTES À CONTRATAÇÃO)
A7: A | B7: Data de apresentação da proposta (dia/mês/ano)
A8: B | B8: Município/UF | H8: Novo Hamburgo/RS
A9: C | B9: Ano do Acordo, Convenção ou Dissídio Coletivo | H9: SECRASO/RS - RS001505/2021
A10: D | B10: Número de meses de execução contratual | H10: 12
A11: IDENTIFICAÇÃO DO SERVIÇO
A12: 1. MÓDULOS Mão de obra Mão de obra vinculada à execução contratual
A15: Dados para composição dos custos referente à mão de obra
A16: 1 | B16: Tipo de Serviço (mesmo serviço com características distintas) | H16: Psicopedagogo
A17: 2 | B17: Classificação Brasileira de Ocupações (CBO) | H17: 2394-25
A18: 3 | B18: Salário Normativo da Categoria Profissional - para a jornada de 44 h/sem | H18: 4128.02
A19: 4 | B19: Categoria Profissional (vinculada à execução contratual) | H19: Psicopedagogo
A20: 5 | B20: Data-Base da Categoria (dia/mês/ano) | H20: 44287
A22: Módulo 1: Composição da Remuneração
A23: 1 | B23: Composição da Remuneração | H23: Percentual (R$) | J23: Valor (R$)
A24: A | B24: Salário-Base (valor para somente 1 Psicopedagogo (a) - 40h/semanais) | J24: 3752.75
A25: B | B25: Adicional de Insalubridade (cláusula 20 da CCT/2021) | J25: =ROUND(I25*H18,2) -> 0
A26: Total | J26: =SUM(J24:J25) -> 3752.75
A28: Módulo 2 – Encargos e Benefícios Anuais, Mensais e Diários
A29: Submódulo 2.1 – 13º (décimo terceiro) Salário e Adicional de Férias
A30: 2.1 | B30: 13º (décimo terceiro) Salário e Adicional de Férias | J30: Valor (R$)
A31: A | B31: 13º (décimo terceiro) Salário Obrigatória a cotação de 8,33% sobre o valor do Módulo 1 – Composição da Remuneração, conforme Anexo XII da IN 5/17 | I31: 0.0833 | J31: =ROUND($J$26*I31,2) -> 312.6
A32: B | B32: Adicional de Férias Obrigatória a cotação de 3,025% sobre o valor do Módulo 1 – Composição da Remuneração, conforme Anexo XII da IN 5/17 (Férias + Adicional = 9,075% + 3,025% = 12,10%) | I32: 0.03025 | J32: =ROUND($J$26*I32,2) -> 113.52
A33: Total | J33: =SUM(J31+J32) -> 426.12
A34: C | B34: Incidência dos encargos do Submódulo 2.2 sobre o total do Submódulo 2.1 | J34: =ROUND(I47*J33,2) -> 156.81
A35: Total | J35: =J33+J34 -> 582.93
A37: Submódulo 2.2 - Encargos Previdenciários (GPS), Fundo de Garantia por Tempo de Serviço (FGTS) e outras contribuições
A38: 2.2 | B38: GPS, FGTS e outras contribuições | I38: Percentual (%) | J38: Valor (R$)
A39: A | B39: INSS | I39: 0.2 | J39: =ROUND($J$26*I39,2) -> 750.55
A40: B | B40: Salário Educação | I40: 0.025 | J40: =ROUND($J$26*I40,2) -> 93.82
A41: C | B41: RAT x FAP | E41: RAT = | F41: 0.03 | G41: FAP = | H41: 1 | I41: =ROUND((F41*H41),6) -> 0.03 | J41: =ROUND($J$26*I41,2) -> 112.58
A42: D | B42: SESC ou SESI | I42: 0.015 | J42: =ROUND($J$26*I42,2) -> 56.29
A43: E | B43: SENAC ou SENAI | I43: 0.01 | J43: =ROUND($J$26*I43,2) -> 37.53
A44: F | B44: SEBRAE | I44: 0.006 | J44: =ROUND($J$26*I44,2) -> 22.52
A45: G | B45: INCRA | I45: 0.002 | J45: =ROUND($J$26*I45,2) -> 7.51
A46: H | B46: FGTS | I46: 0.08 | J46: =ROUND($J$26*I46,2) -> 300.22
A47: Total | I47: =SUM(I39:I46) -> 0.368 | J47: =SUM(J39:J46) -> 1381.02
A49: Submódulo 2.3 – Benefícios Mensais e Diários
A50: 2.3 | B50: Benefícios Mensais e Diários | J50: Valor (R$)
A51: A | B51: Transporte Cálculo do valor: [(2xVTx22) – (6%xSB)] | J51: =IF(ROUND((I54*I52*I53)-(J24*0.06),2)<0,0,ROUND((I54*I52*I53)-(J24*0.06),2))*1+(I52*I53*21.726-0.06*J24)*0 -> 0
B52: A.1) Valor da passagem do transporte coletivo no município de prestação dos serviços: Decreto nº 045, de 15 de março de 2019 | I52: 4.6 | J52: -
B53: A.2) Quantidade de passagens por dia por empregado: | I53: 2
B54: A.3) Quantidade de dias do mês de recebimento de passagens | I54: 22
A55: B | B55: Auxílio-Alimentação Cálculo do valor = [(22xAA)x(1-0,20)] | J55: =ROUND(I57*I56*(1-0.2),2)*1+ROUND(21.726*6*(1-0.2),2)*0 -> 244.64
B56: B.1) Valor do AuxilioAlimentação (clausula 22 da CCT 2021): | I56: 13.9 | J56: -
B57: B.2) Quantidade de dias do mês de recebimento de auxílio-lanche | I57: 22
A58: C | B58: Seguro contra riscos de acidente de trabalho
A59: D
A60: Total | J60: =SUM(J51:J59) -> 244.64
A62: Quadro-Resumo do Módulo 2 – Encargos e Benefícios Anuais, Mensais e Diários
A63: 2 | B63: Encargos e Benefícios Anuais, Mensais e Diários | J63: Valor (R$)
A64: 2.1 | C64: 13º (décimo terceiro) Salário e Adicional de Férias | J64: =J35 -> 582.93
A65: 2.2 | C65: GPS, FGTS e outras contribuições | J65: =J47 -> 1381.02
A66: 2.3 | C66: Benefícios Mensais e Diários | J66: =J60 -> 244.64
A67: Total | J67: =SUM(J64+J65+J66) -> 2208.59
A69: Módulo 3 - Provisão para Rescisão
A70: 3 | B70: Provisão para Rescisão | J70: Valor (R$)
A71: A | B71: Aviso Prévio Indenizado Aviso-prévio indenizado Cálculo do valor = {Rem/12 + 13º/12=(Rem/12)/12 + Férias/12=(Rem/12)/12 + (1/3xFérias)/12=1/3x[(Rem/12)/12]} x (30/30=1) x 5% de rotatividade anual - Os reflexos de 13º, F e 1/3F são referentes a 1 mês de APInd - Na prorrogação, poderão ser considerados 3 dias conforme Lei nº 12.506/2011, dependendo da análise do nº de ocorrências deste evento no período | J71: =ROUND((($J$26/12)+($J$31/12)+($J$26/12/12)+($J$32/12))*(30/30)*0.05,2) -> 18.71
A72: B | B72: Incidência do FGTS sobre o Aviso Prévio Indenizado | J72: =ROUND($J$71*I46,2) -> 1.5
A73: C | B73: Multa do FGTS e contribuição social sobre o Aviso Prévio Indenizado Obrigatória a cotação de 0,24% sobre o valor do Módulo 1 – Composição da Remuneração, conforme Anexo XII da IN Seges nº 5/2017 (0,19% + 3,81% = 4,0%) - (Lei 13.932, de 11 de dezembro de 2019) | I73: 0.0019 | J73: =ROUND($J$26*I73,2) -> 7.13
A74: D | B74: Aviso Prévio Trabalhado (negociar extinção/redução na 1ª prorrogação) Cálculo do valor= [(Rem/30)x7]/12 meses do contratox90% dos empregados - ao final do contrato | J74: =ROUND(((($J$26/30)*7)/$H$10)*0.9,2) -> 65.67
A75: E | B75: Incidência dos encargos do Submódulo 2.2 sobre o Aviso Prévio Trabalhado | J75: =ROUND($I$47*J74,2) -> 24.17
A76: F | B76: Multa do FGTS e contribuição social sobre o Aviso Prévio Trabalhado Obrigatória a cotação de 4,76% sobre o valor do Módulo 1 – Composição da Remuneração, conforme Anexo XII da IN Seges nº 5/2017 (3,81%+0,19% = 4,0%) - (Lei 13.932, de 11 de dezembro de 2019) | I76: 0.0381 | J76: =ROUND($J$26*I76,2) -> 142.98
A77: Total | J77: =SUM(J71:J76) -> 260.16
A79: Módulo 4 - Custo de Reposição do Profissional Ausente
A80: Base de cálculo para o Custo de Reposição do Profissional Ausente (substituto): BCCPA = Rem + 13º + Férias + 1/3Férias | J80: =J83+J26+J31+J32 -> 4519.43
A82: 4.1 | B82: Ausências Legais | J82: Valor (R$)
A83: A | B83: Férias | I83: 0.09075 | J83: =ROUND(($J$26*I83),2) -> 340.56
A84: B | B84: Ausências Legais Cálculo do valor = [(BCCPA/30)x2,96dias]/12 | J84: =ROUND((($J$80/30)*2.96)/12,2) -> 37.16
A85: C | B85: Licença-Paternidade Cálculo do valor = {[(BCCPA/30)x5dias]/12}x1,5% | J85: =ROUND((($J$80/30)*5)/12*0.015,2) -> 0.94
A86: D | B86: Ausência por acidente de trabalho Cálculo do valor = {[(BCCPA/30)x15dias]/12}x0,78% | J86: =ROUND(((($J$80/30)*15)/12)*0.0078,2) -> 1.47
A87: E | B87: Afastamento Maternidade Cálculo do valor = {[(Rem+1/3Rem)/12]x(4/12)}x2% | J87: =ROUND(((($J$26+$J$26/3)*4/12)/12)*0.02,2) -> 2.78
A88: F | B88: (Outros) Ausência por doença Cálculo do valor = [(BCCPA)/30)x5dias]/12 | J88: =ROUND(((($J$80/30)*5)/12),2) -> 62.77
A89: Total | J89: =SUM(J83:J88) -> 445.68
A90: G | B90: Incidência dos encargos do Submódulo 2.2 sobre o total do Submódulo 4.1 | J90: =ROUND(I47*J89,2) -> 164.01
A91: Total | J91: =SUM(J89:J90) -> 609.69
A92: Submódulo 4.2 – Intrajornada
A93: 4.2 | B93: Intrajornada | J93: Valor (R$)
A94: A | B94: Intervalo para repouso ou alimentação | J94: 0
A95: Total | J95: 0
A96: B | B96: Incidência dos encargos do Submódulo 2.2 sobre o total do Submódulo 4.2 | J96: =ROUND(I47*J95,2) -> 0
A97: Total | J97: =SUM(J95:J96) -> 0
A99: Quadro-Resumo do Módulo 4 – Custo de Reposição do Profissional Ausente
A100: 4 | B100: Custo de Reposição do Profissional Ausente | J100: Valor (R$)
A101: 4.1 | B101: Ausências Legais | J101: =J91 -> 609.69
A102: 4.2 | B102: Intrajornada | J102: =J97 -> 0
A103: Total | J103: =SUM(J101+J102) -> 609.69
A105: Módulo 5 – Insumos Diversos
A106: 5 | B106: Insumos diversos | J106: Valor (R$)
A107: A | B107: Uniformes | J107: 0
A108: B
A109: C | B109: Equipamentos | J109: 0
A110: D | B110: Outros (especificar) | J110: 0.00
A111: Total | J111: =SUM(J107:J110) -> 0
A113: Módulo 6 - Custos Indiretos, Lucro e Tributos
...

Sheet Psicopedagogo - Passo Fundo
A1: Psicopedagogo - Regime de Tributação: Lucro Real
A2: ANEXO ---- do Pregão IFSul nº XX/2022 – Câmpus XXXXX PLANILHA DE CUSTOS E FORMAÇÃO DE PREÇOS
A3: Nº do processo: | H3: XXXX
A4: Licitação nº:
A5: Dia:
A6: DISCRIMINAÇÃO DOS SERVIÇOS (DADOS REFERENTES À CONTRATAÇÃO)
A7: A | B7: Data de apresentação da proposta (dia/mês/ano)
A8: B | B8: Município/UF | H8: Passo Fundo/RS
A9: C | B9: Ano do Acordo, Convenção ou Dissídio Coletivo | H9: SECRASO/RS - RS001505/2021
A10: D | B10: Número de meses de execução contratual | H10: 12
A11: IDENTIFICAÇÃO DO SERVIÇO
A12: 1. MÓDULOS Mão de obra Mão de obra vinculada à execução contratual
A15: Dados para composição dos custos referente à mão de obra
A16: 1 | B16: Tipo de Serviço (mesmo serviço com características distintas) | H16: Psicopedagogo
A17: 2 | B17: Classificação Brasileira de Ocupações (CBO) | H17: 2394-25
A18: 3 | B18: Salário Normativo da Categoria Profissional - para a jornada de 44 h/sem | H18: 4128.02
A19: 4 | B19: Categoria Profissional (vinculada à execução contratual) | H19: Psicopedagogo
A20: 5 | B20: Data-Base da Categoria (dia/mês/ano) | H20: 44287
A22: Módulo 1: Composição da Remuneração
A23: 1 | B23: Composição da Remuneração | H23: Percentual (R$) | J23: Valor (R$)
A24: A | B24: Salário-Base (valor para somente 1 Psicopedagogo (a) - 40h/semanais) | J24: 3752.75
A25: B | B25: Adicional de Insalubridade (cláusula 20 da CCT/2021) | J25: =ROUND(I25*H18,2) -> 0
A26: Total | J26: =SUM(J24:J25) -> 3752.75
A28: Módulo 2 – Encargos e Benefícios Anuais, Mensais e Diários
A29: Submódulo 2.1 – 13º (décimo terceiro) Salário e Adicional de Férias
A30: 2.1 | B30: 13º (décimo terceiro) Salário e Adicional de Férias | J30: Valor (R$)
A31: A | B31: 13º (décimo terceiro) Salário Obrigatória a cotação de 8,33% sobre o valor do Módulo 1 – Composição da Remuneração, conforme Anexo XII da IN 5/17 | I31: 0.0833 | J31: =ROUND($J$26*I31,2) -> 312.6
A32: B | B32: Adicional de Férias Obrigatória a cotação de 3,025% sobre o valor do Módulo 1 – Composição da Remuneração, conforme Anexo XII da IN 5/17 (Férias + Adicional = 9,075% + 3,025% = 12,10%) | I32: 0.03025 | J32: =ROUND($J$26*I32,2) -> 113.52
A33: Total | J33: =SUM(J31+J32) -> 426.12
A34: C | B34: Incidência dos encargos do Submódulo 2.2 sobre o total do Submódulo 2.1 | J34: =ROUND(I47*J33,2) -> 156.81
A35: Total | J35: =J33+J34 -> 582.93
A37: Submódulo 2.2 - Encargos Previdenciários (GPS), Fundo de Garantia por Tempo de Serviço (FGTS) e outras contribuições
A38: 2.2 | B38: GPS, FGTS e outras contribuições | I38: Percentual (%) | J38: Valor (R$)
A39: A | B39: INSS | I39: 0.2 | J39: =ROUND($J$26*I39,2) -> 750.55
A40: B | B40: Salário Educação | I40: 0.025 | J40: =ROUND($J$26*I40,2) -> 93.82
A41: C | B41: RAT x FAP | E41: RAT = | F41: 0.03 | G41: FAP = | H41: 1 | I41: =ROUND((F41*H41),6) -> 0.03 | J41: =ROUND($J$26*I41,2) -> 112.58
A42: D | B42: SESC ou SESI | I42: 0.015 | J42: =ROUND($J$26*I42,2) -> 56.29
A43: E | B43: SENAC ou SENAI | I43: 0.01 | J43: =ROUND($J$26*I43,2) -> 37.53
A44: F | B44: SEBRAE | I44: 0.006 | J44: =ROUND($J$26*I44,2) -> 22.52
A45: G | B45: INCRA | I45: 0.002 | J45: =ROUND($J$26*I45,2) -> 7.51
A46: H | B46: FGTS | I46: 0.08 | J46: =ROUND($J$26*I46,2) -> 300.22
A47: Total | I47: =SUM(I39:I46) -> 0.368 | J47: =SUM(J39:J46) -> 1381.02
A49: Submódulo 2.3 – Benefícios Mensais e Diários
A50: 2.3 | B50: Benefícios Mensais e Diários | J50: Valor (R$)
A51: A | B51: Transporte Cálculo do valor: [(2xVTx22) – (6%xSB)] | J51: =IF(ROUND((I54*I52*I53)-(J24*0.06),2)<0,0,ROUND((I54*I52*I53)-(J24*0.06),2))*1+(I52*I53*21.726-0.06*J24)*0 -> 0
B52: A.1) Valor da passagem do transporte coletivo no município de prestação dos serviços: Decreto nº 045, de 15 de março de 2019 | I52: 4.75 | J52: -
B53: A.2) Quantidade de passagens por dia por empregado: | I53: 2
B54: A.3) Quantidade de dias do mês de recebimento de passagens | I54: 22
A55: B | B55: Auxílio-Alimentação Cálculo do valor = [(22xAA)x(1-0,20)] | J55: =ROUND(I57*I56*(1-0.2),2)*1+ROUND(21.726*6*(1-0.2),2)*0 -> 244.64
B56: B.1) Valor do AuxilioAlimentação (clausula 22 da CCT 2021): | I56: 13.9 | J56: -
B57: B.2) Quantidade de dias do mês de recebimento de auxílio-lanche | I57: 22
A58: C | B58: Seguro contra riscos de acidente de trabalho
A59: D
A60: Total | J60: =SUM(J51:J59) -> 244.64
A62: Quadro-Resumo do Módulo 2 – Encargos e Benefícios Anuais, Mensais e Diários
A63: 2 | B63: Encargos e Benefícios Anuais, Mensais e Diários | J63: Valor (R$)
A64: 2.1 | C64: 13º (décimo terceiro) Salário e Adicional de Férias | J64: =J35 -> 582.93
A65: 2.2 | C65: GPS, FGTS e outras contribuições | J65: =J47 -> 1381.02
A66: 2.3 | C66: Benefícios Mensais e Diários | J66: =J60 -> 244.64
A67: Total | J67: =SUM(J64+J65+J66) -> 2208.59
A69: Módulo 3 - Provisão para Rescisão
A70: 3 | B70: Provisão para Rescisão | J70: Valor (R$)
A71: A | B71: Aviso Prévio Indenizado Aviso-prévio indenizado Cálculo do valor = {Rem/12 + 13º/12=(Rem/12)/12 + Férias/12=(Rem/12)/12 + (1/3xFérias)/12=1/3x[(Rem/12)/12]} x (30/30=1) x 5% de rotatividade anual - Os reflexos de 13º, F e 1/3F são referentes a 1 mês de APInd - Na prorrogação, poderão ser considerados 3 dias conforme Lei nº 12.506/2011, dependendo da análise do nº de ocorrências deste evento no período | J71: =ROUND((($J$26/12)+($J$31/12)+($J$26/12/12)+($J$32/12))*(30/30)*0.05,2) -> 18.71
A72: B | B72: Incidência do FGTS sobre o Aviso Prévio Indenizado | J72: =ROUND($J$71*I46,2) -> 1.5
A73: C | B73: Multa do FGTS e contribuição social sobre o Aviso Prévio Indenizado Obrigatória a cotação de 0,24% sobre o valor do Módulo 1 – Composição da Remuneração, conforme Anexo XII da IN Seges nº 5/2017 (0,19% + 3,81% = 4,0%) - (Lei 13.932, de 11 de dezembro de 2019) | I73: 0.0019 | J73: =ROUND($J$26*I73,2) -> 7.13
A74: D | B74: Aviso Prévio Trabalhado (negociar extinção/redução na 1ª prorrogação) Cálculo do valor= [(Rem/30)x7]/12 meses do contratox90% dos empregados - ao final do contrato | J74: =ROUND(((($J$26/30)*7)/$H$10)*0.9,2) -> 65.67
A75: E | B75: Incidência dos encargos do Submódulo 2.2 sobre o Aviso Prévio Trabalhado | J75: =ROUND($I$47*J74,2) -> 24.17
A76: F | B76: Multa do FGTS e contribuição social sobre o Aviso Prévio Trabalhado Obrigatória a cotação de 4,76% sobre o valor do Módulo 1 – Composição da Remuneração, conforme Anexo XII da IN Seges nº 5/2017 (3,81%+0,19% = 4,0%) - (Lei 13.932, de 11 de dezembro de 2019) | I76: 0.0381 | J76: =ROUND($J$26*I76,2) -> 142.98
A77: Total | J77: =SUM(J71:J76) -> 260.16
A79: Módulo 4 - Custo de Reposição do Profissional Ausente
A80: Base de cálculo para o Custo de Reposição do Profissional Ausente (substituto): BCCPA = Rem + 13º + Férias + 1/3Férias | J80: =J83+J26+J31+J32 -> 4519.43
A82: 4.1 | B82: Ausências Legais | J82: Valor (R$)
A83: A | B83: Férias | I83: 0.09075 | J83: =ROUND(($J$26*I83),2) -> 340.56
A84: B | B84: Ausências Legais Cálculo do valor = [(BCCPA/30)x2,96dias]/12 | J84: =ROUND((($J$80/30)*2.96)/12,2) -> 37.16
A85: C | B85: Licença-Paternidade Cálculo do valor = {[(BCCPA/30)x5dias]/12}x1,5% | J85: =ROUND((($J$80/30)*5)/12*0.015,2) -> 0.94
A86: D | B86: Ausência por acidente de trabalho Cálculo do valor = {[(BCCPA/30)x15dias]/12}x0,78% | J86: =ROUND(((($J$80/30)*15)/12)*0.0078,2) -> 1.47
A87: E | B87: Afastamento Maternidade Cálculo do valor = {[(Rem+1/3Rem)/12]x(4/12)}x2% | J87: =ROUND(((($J$26+$J$26/3)*4/12)/12)*0.02,2) -> 2.78
A88: F | B88: (Outros) Ausência por doença Cálculo do valor = [(BCCPA)/30)x5dias]/12 | J88: =ROUND(((($J$80/30)*5)/12),2) -> 62.77
A89: Total | J89: =SUM(J83:J88) -> 445.68
A90: G | B90: Incidência dos encargos do Submódulo 2.2 sobre o total do Submódulo 4.1 | J90: =ROUND(I47*J89,2) -> 164.01
A91: Total | J91: =SUM(J89:J90) -> 609.69
A92: Submódulo 4.2 – Intrajornada
A93: 4.2 | B93: Intrajornada | J93: Valor (R$)
A94: A | B94: Intervalo para repouso ou alimentação | J94: 0
A95: Total | J95: 0
A96: B | B96: Incidência dos encargos do Submódulo 2.2 sobre o total do Submódulo 4.2 | J96: =ROUND(I47*J95,2) -> 0
A97: Total | J97: =SUM(J95:J96) -> 0
A99: Quadro-Resumo do Módulo 4 – Custo de Reposição do Profissional Ausente
A100: 4 | B100: Custo de Reposição do Profissional Ausente | J100: Valor (R$)
A101: 4.1 | B101: Ausências Legais | J101: =J91 -> 609.69
A102: 4.2 | B102: Intrajornada | J102: =J97 -> 0
A103: Total | J103: =SUM(J101+J102) -> 609.69
A105: Módulo 5 – Insumos Diversos
A106: 5 | B106: Insumos diversos | J106: Valor (R$)
A107: A | B107: Uniformes | J107: 0
A108: B
A109: C | B109: Equipamentos | J109: 0
A110: D | B110: Outros (especificar) | J110: 0.00
A111: Total | J111: =SUM(J107:J110) -> 0
A113: Módulo 6 - Custos Indiretos, Lucro e Tributos
...

Sheet Psicopedagogo - Santana
A1: Psicopedagogo - Regime de Tributação: Lucro Real
A2: ANEXO ---- do Pregão IFSul nº XX/2022 – Câmpus XXXXX PLANILHA DE CUSTOS E FORMAÇÃO DE PREÇOS
A3: Nº do processo: | H3: XXXX
A4: Licitação nº:
A5: Dia:
A6: DISCRIMINAÇÃO DOS SERVIÇOS (DADOS REFERENTES À CONTRATAÇÃO)
A7: A | B7: Data de apresentação da proposta (dia/mês/ano)
A8: B | B8: Município/UF | H8: Santana do Livramento/RS
A9: C | B9: Ano do Acordo, Convenção ou Dissídio Coletivo | H9: SECRASO/RS - RS001505/2021
A10: D | B10: Número de meses de execução contratual | H10: 12
A11: IDENTIFICAÇÃO DO SERVIÇO
A12: 1. MÓDULOS Mão de obra Mão de obra vinculada à execução contratual
A15: Dados para composição dos custos referente à mão de obra
A16: 1 | B16: Tipo de Serviço (mesmo serviço com características distintas) | H16: Psicopedagogo
A17: 2 | B17: Classificação Brasileira de Ocupações (CBO) | H17: 2394-25
A18: 3 | B18: Salário Normativo da Categoria Profissional - para a jornada de 44 h/sem | H18: 4128.02
A19: 4 | B19: Categoria Profissional (vinculada à execução contratual) | H19: Psicopedagogo
A20: 5 | B20: Data-Base da Categoria (dia/mês/ano) | H20: 44287
A22: Módulo 1: Composição da Remuneração
A23: 1 | B23: Composição da Remuneração | H23: Percentual (R$) | J23: Valor (R$)
A24: A | B24: Salário-Base (valor para somente 1 Psicopedagogo (a) - 40h/semanais) | J24: 3752.75
A25: B | B25: Adicional de Insalubridade (cláusula 20 da CCT/2021) | J25: =ROUND(I25*H18,2) -> 0
A26: Total | J26: =SUM(J24:J25) -> 3752.75
A28: Módulo 2 – Encargos e Benefícios Anuais, Mensais e Diários
A29: Submódulo 2.1 – 13º (décimo terceiro) Salário e Adicional de Férias
A30: 2.1 | B30: 13º (décimo terceiro) Salário e Adicional de Férias | J30: Valor (R$)
A31: A | B31: 13º (décimo terceiro) Salário Obrigatória a cotação de 8,33% sobre o valor do Módulo 1 – Composição da Remuneração, conforme Anexo XII da IN 5/17 | I31: 0.0833 | J31: =ROUND($J$26*I31,2) -> 312.6
A32: B | B32: Adicional de Férias Obrigatória a cotação de 3,025% sobre o valor do Módulo 1 – Composição da Remuneração, conforme Anexo XII da IN 5/17 (Férias + Adicional = 9,075% + 3,025% = 12,10%) | I32: 0.03025 | J32: =ROUND($J$26*I32,2) -> 113.52
A33: Total | J33: =SUM(J31+J32) -> 426.12
A34: C | B34: Incidência dos encargos do Submódulo 2.2 sobre o total do Submódulo 2.1 | J34: =ROUND(I47*J33,2) -> 156.81
A35: Total | J35: =J33+J34 -> 582.93
A37: Submódulo 2.2 - Encargos Previdenciários (GPS), Fundo de Garantia por Tempo de Serviço (FGTS) e outras contribuições
A38: 2.2 | B38: GPS, FGTS e outras contribuições | I38: Percentual (%) | J38: Valor (R$)
A39: A | B39: INSS | I39: 0.2 | J39: =ROUND($J$26*I39,2) -> 750.55
A40: B | B40: Salário Educação | I40: 0.025 | J40: =ROUND($J$26*I40,2) -> 93.82
A41: C | B41: RAT x FAP | E41: RAT = | F41: 0.03 | G41: FAP = | H41: 1 | I41: =ROUND((F41*H41),6) -> 0.03 | J41: =ROUND($J$26*I41,2) -> 112.58
A42: D | B42: SESC ou SESI | I42: 0.015 | J42: =ROUND($J$26*I42,2) -> 56.29
A43: E | B43: SENAC ou SENAI | I43: 0.01 | J43: =ROUND($J$26*I43,2) -> 37.53
A44: F | B44: SEBRAE | I44: 0.006 | J44: =ROUND($J$26*I44,2) -> 22.52
A45: G | B45: INCRA | I45: 0.002 | J45: =ROUND($J$26*I45,2) -> 7.51
A46: H | B46: FGTS | I46: 0.08 | J46: =ROUND($J$26*I46,2) -> 300.22
A47: Total | I47: =SUM(I39:I46) -> 0.368 | J47: =SUM(J39:J46) -> 1381.02
A49: Submódulo 2.3 – Benefícios Mensais e Diários
A50: 2.3 | B50: Benefícios Mensais e Diários | J50: Valor (R$)
A51: A | B51: Transporte Cálculo do valor: [(2xVTx22) – (6%xSB)] | J51: =IF(ROUND((I54*I52*I53)-(J24*0.06),2)<0,0,ROUND((I54*I52*I53)-(J24*0.06),2))*1+(I52*I53*21.726-0.06*J24)*0 -> 0
B52: A.1) Valor da passagem do transporte coletivo no município de prestação dos serviços: Decreto nº 045, de 15 de março de 2019 | I52: 3 | J52: -
B53: A.2) Quantidade de passagens por dia por empregado: | I53: 2
B54: A.3) Quantidade de dias do mês de recebimento de passagens | I54: 22
A55: B | B55: Auxílio-Alimentação Cálculo do valor = [(22xAA)x(1-0,20)] | J55: =ROUND(I57*I56*(1-0.2),2)*1+ROUND(21.726*6*(1-0.2),2)*0 -> 244.64
B56: B.1) Valor do AuxilioAlimentação (clausula 22 da CCT 2021): | I56: 13.9 | J56: -
B57: B.2) Quantidade de dias do mês de recebimento de auxílio-lanche | I57: 22
A58: C | B58: Seguro contra riscos de acidente de trabalho
A59: D
A60: Total | J60: =SUM(J51:J59) -> 244.64
A62: Quadro-Resumo do Módulo 2 – Encargos e Benefícios Anuais, Mensais e Diários
A63: 2 | B63: Encargos e Benefícios Anuais, Mensais e Diários | J63: Valor (R$)
A64: 2.1 | C64: 13º (décimo terceiro) Salário e Adicional de Férias | J64: =J35 -> 582.93
A65: 2.2 | C65: GPS, FGTS e outras contribuições | J65: =J47 -> 1381.02
A66: 2.3 | C66: Benefícios Mensais e Diários | J66: =J60 -> 244.64
A67: Total | J67: =SUM(J64+J65+J66) -> 2208.59
A69: Módulo 3 - Provisão para Rescisão
A70: 3 | B70: Provisão para Rescisão | J70: Valor (R$)
A71: A | B71: Aviso Prévio Indenizado Aviso-prévio indenizado Cálculo do valor = {Rem/12 + 13º/12=(Rem/12)/12 + Férias/12=(Rem/12)/12 + (1/3xFérias)/12=1/3x[(Rem/12)/12]} x (30/30=1) x 5% de rotatividade anual - Os reflexos de 13º, F e 1/3F são referentes a 1 mês de APInd - Na prorrogação, poderão ser considerados 3 dias conforme Lei nº 12.506/2011, dependendo da análise do nº de ocorrências deste evento no período | J71: =ROUND((($J$26/12)+($J$31/12)+($J$26/12/12)+($J$32/12))*(30/30)*0.05,2) -> 18.71
A72: B | B72: Incidência do FGTS sobre o Aviso Prévio Indenizado | J72: =ROUND($J$71*I46,2) -> 1.5
A73: C | B73: Multa do FGTS e contribuição social sobre o Aviso Prévio Indenizado Obrigatória a cotação de 0,24% sobre o valor do Módulo 1 – Composição da Remuneração, conforme Anexo XII da IN Seges nº 5/2017 (0,19% + 3,81% = 4,0%) - (Lei 13.932, de 11 de dezembro de 2019) | I73: 0.0019 | J73: =ROUND($J$26*I73,2) -> 7.13
A74: D | B74: Aviso Prévio Trabalhado (negociar extinção/redução na 1ª prorrogação) Cálculo do valor= [(Rem/30)x7]/12 meses do contratox90% dos empregados - ao final do contrato | J74: =ROUND(((($J$26/30)*7)/$H$10)*0.9,2) -> 65.67
A75: E | B75: Incidência dos encargos do Submódulo 2.2 sobre o Aviso Prévio Trabalhado | J75: =ROUND($I$47*J74,2) -> 24.17
A76: F | B76: Multa do FGTS e contribuição social sobre o Aviso Prévio Trabalhado Obrigatória a cotação de 4,76% sobre o valor do Módulo 1 – Composição da Remuneração, conforme Anexo XII da IN Seges nº 5/2017 (3,81%+0,19% = 4,0%) - (Lei 13.932, de 11 de dezembro de 2019) | I76: 0.0381 | J76: =ROUND($J$26*I76,2) -> 142.98
A77: Total | J77: =SUM(J71:J76) -> 260.16
A79: Módulo 4 - Custo de Reposição do Profissional Ausente
A80: Base de cálculo para o Custo de Reposição do Profissional Ausente (substituto): BCCPA = Rem + 13º + Férias + 1/3Férias | J80: =J83+J26+J31+J32 -> 4519.43
A82: 4.1 | B82: Ausências Legais | J82: Valor (R$)
A83: A | B83: Férias | I83: 0.09075 | J83: =ROUND(($J$26*I83),2) -> 340.56
A84: B | B84: Ausências Legais Cálculo do valor = [(BCCPA/30)x2,96dias]/12 | J84: =ROUND((($J$80/30)*2.96)/12,2) -> 37.16
A85: C | B85: Licença-Paternidade Cálculo do valor = {[(BCCPA/30)x5dias]/12}x1,5% | J85: =ROUND((($J$80/30)*5)/12*0.015,2) -> 0.94
A86: D | B86: Ausência por acidente de trabalho Cálculo do valor = {[(BCCPA/30)x15dias]/12}x0,78% | J86: =ROUND(((($J$80/30)*15)/12)*0.0078,2) -> 1.47
A87: E | B87: Afastamento Maternidade Cálculo do valor = {[(Rem+1/3Rem)/12]x(4/12)}x2% | J87: =ROUND(((($J$26+$J$26/3)*4/12)/12)*0.02,2) -> 2.78
A88: F | B88: (Outros) Ausência por doença Cálculo do valor = [(BCCPA)/30)x5dias]/12 | J88: =ROUND(((($J$80/30)*5)/12),2) -> 62.77
A89: Total | J89: =SUM(J83:J88) -> 445.68
A90: G | B90: Incidência dos encargos do Submódulo 2.2 sobre o total do Submódulo 4.1 | J90: =ROUND(I47*J89,2) -> 164.01
A91: Total | J91: =SUM(J89:J90) -> 609.69
A92: Submódulo 4.2 – Intrajornada
A93: 4.2 | B93: Intrajornada | J93: Valor (R$)
A94: A | B94: Intervalo para repouso ou alimentação | J94: 0
A95: Total | J95: 0
A96: B | B96: Incidência dos encargos do Submódulo 2.2 sobre o total do Submódulo 4.2 | J96: =ROUND(I47*J95,2) -> 0
A97: Total | J97: =SUM(J95:J96) -> 0
A99: Quadro-Resumo do Módulo 4 – Custo de Reposição do Profissional Ausente
A100: 4 | B100: Custo de Reposição do Profissional Ausente | J100: Valor (R$)
A101: 4.1 | B101: Ausências Legais | J101: =J91 -> 609.69
A102: 4.2 | B102: Intrajornada | J102: =J97 -> 0
A103: Total | J103: =SUM(J101+J102) -> 609.69
A105: Módulo 5 – Insumos Diversos
A106: 5 | B106: Insumos diversos | J106: Valor (R$)
A107: A | B107: Uniformes | J107: 0
A108: B
A109: C | B109: Equipamentos | J109: 0
A110: D | B110: Outros (especificar) | J110: 0.00
A111: Total | J111: =SUM(J107:J110) -> 0
A113: Módulo 6 - Custos Indiretos, Lucro e Tributos
...

Sheet Psicopedagogo - Sapiranga
A1: Psicopedagogo - Regime de Tributação: Lucro Real
A2: ANEXO ---- do Pregão IFSul nº XX/2022 – Câmpus XXXXX PLANILHA DE CUSTOS E FORMAÇÃO DE PREÇOS
A3: Nº do processo: | H3: XXXX
A4: Licitação nº:
A5: Dia:
A6: DISCRIMINAÇÃO DOS SERVIÇOS (DADOS REFERENTES À CONTRATAÇÃO)
A7: A | B7: Data de apresentação da proposta (dia/mês/ano)
A8: B | B8: Município/UF | H8: Sapiranga/RS
A9: C | B9: Ano do Acordo, Convenção ou Dissídio Coletivo | H9: SECRASO/RS - RS001505/2021
A10: D | B10: Número de meses de execução contratual | H10: 12
A11: IDENTIFICAÇÃO DO SERVIÇO
A12: 1. MÓDULOS Mão de obra Mão de obra vinculada à execução contratual
A15: Dados para composição dos custos referente à mão de obra
A16: 1 | B16: Tipo de Serviço (mesmo serviço com características distintas) | H16: Psicopedagogo
A17: 2 | B17: Classificação Brasileira de Ocupações (CBO) | H17: 2394-25
A18: 3 | B18: Salário Normativo da Categoria Profissional - para a jornada de 44 h/sem | H18: 4128.02
A19: 4 | B19: Categoria Profissional (vinculada à execução contratual) | H19: Psicopedagogo
A20: 5 | B20: Data-Base da Categoria (dia/mês/ano) | H20: 44287
A22: Módulo 1: Composição da Remuneração
A23: 1 | B23: Composição da Remuneração | H23: Percentual (R$) | J23: Valor (R$)
A24: A | B24: Salário-Base (valor para somente 1 Psicopedagogo (a) - 40h/semanais) | J24: 3752.75
A25: B | B25: Adicional de Insalubridade (cláusula 20 da CCT/2021) | J25: =ROUND(I25*H18,2) -> 0
A26: Total | J26: =SUM(J24:J25) -> 3752.75
A28: Módulo 2 – Encargos e Benefícios Anuais, Mensais e Diários
A29: Submódulo 2.1 – 13º (décimo terceiro) Salário e Adicional de Férias
A30: 2.1 | B30: 13º (décimo terceiro) Salário e Adicional de Férias | J30: Valor (R$)
A31: A | B31: 13º (décimo terceiro) Salário Obrigatória a cotação de 8,33% sobre o valor do Módulo 1 – Composição da Remuneração, conforme Anexo XII da IN 5/17 | I31: 0.0833 | J31: =ROUND($J$26*I31,2) -> 312.6
A32: B | B32: Adicional de Férias Obrigatória a cotação de 3,025% sobre o valor do Módulo 1 – Composição da Remuneração, conforme Anexo XII da IN 5/17 (Férias + Adicional = 9,075% + 3,025% = 12,10%) | I32: 0.03025 | J32: =ROUND($J$26*I32,2) -> 113.52
A33: Total | J33: =SUM(J31+J32) -> 426.12
A34: C | B34: Incidência dos encargos do Submódulo 2.2 sobre o total do Submódulo 2.1 | J34: =ROUND(I47*J33,2) -> 156.81
A35: Total | J35: =J33+J34 -> 582.93
A37: Submódulo 2.2 - Encargos Previdenciários (GPS), Fundo de Garantia por Tempo de Serviço (FGTS) e outras contribuições
A38: 2.2 | B38: GPS, FGTS e outras contribuições | I38: Percentual (%) | J38: Valor (R$)
A39: A | B39: INSS | I39: 0.2 | J39: =ROUND($J$26*I39,2) -> 750.55
A40: B | B40: Salário Educação | I40: 0.025 | J40: =ROUND($J$26*I40,2) -> 93.82
A41: C | B41: RAT x FAP | E41: RAT = | F41: 0.03 | G41: FAP = | H41: 1 | I41: =ROUND((F41*H41),6) -> 0.03 | J41: =ROUND($J$26*I41,2) -> 112.58
A42: D | B42: SESC ou SESI | I42: 0.015 | J42: =ROUND($J$26*I42,2) -> 56.29
A43: E | B43: SENAC ou SENAI | I43: 0.01 | J43: =ROUND($J$26*I43,2) -> 37.53
A44: F | B44: SEBRAE | I44: 0.006 | J44: =ROUND($J$26*I44,2) -> 22.52
A45: G | B45: INCRA | I45: 0.002 | J45: =ROUND($J$26*I45,2) -> 7.51
A46: H | B46: FGTS | I46: 0.08 | J46: =ROUND($J$26*I46,2) -> 300.22
A47: Total | I47: =SUM(I39:I46) -> 0.368 | J47: =SUM(J39:J46) -> 1381.02
A49: Submódulo 2.3 – Benefícios Mensais e Diários
A50: 2.3 | B50: Benefícios Mensais e Diários | J50: Valor (R$)
A51: A | B51: Transporte Cálculo do valor: [(2xVTx22) – (6%xSB)] | J51: =IF(ROUND((I54*I52*I53)-(J24*0.06),2)<0,0,ROUND((I54*I52*I53)-(J24*0.06),2))*1+(I52*I53*21.726-0.06*J24)*0 -> 0
B52: A.1) Valor da passagem do transporte coletivo no município de prestação dos serviços: Decreto nº 045, de 15 de março de 2019 | I52: 4 | J52: -
B53: A.2) Quantidade de passagens por dia por empregado: | I53: 2
B54: A.3) Quantidade de dias do mês de recebimento de passagens | I54: 22
A55: B | B55: Auxílio-Alimentação Cálculo do valor = [(22xAA)x(1-0,20)] | J55: =ROUND(I57*I56*(1-0.2),2)*1+ROUND(21.726*6*(1-0.2),2)*0 -> 244.64
B56: B.1) Valor do AuxilioAlimentação (clausula 22 da CCT 2021): | I56: 13.9 | J56: -
B57: B.2) Quantidade de dias do mês de recebimento de auxílio-lanche | I57: 22
A58: C | B58: Seguro contra riscos de acidente de trabalho
A59: D
A60: Total | J60: =SUM(J51:J59) -> 244.64
A62: Quadro-Resumo do Módulo 2 – Encargos e Benefícios Anuais, Mensais e Diários
A63: 2 | B63: Encargos e Benefícios Anuais, Mensais e Diários | J63: Valor (R$)
A64: 2.1 | C64: 13º (décimo terceiro) Salário e Adicional de Férias | J64: =J35 -> 582.93
A65: 2.2 | C65: GPS, FGTS e outras contribuições | J65: =J47 -> 1381.02
A66: 2.3 | C66: Benefícios Mensais e Diários | J66: =J60 -> 244.64
A67: Total | J67: =SUM(J64+J65+J66) -> 2208.59
A69: Módulo 3 - Provisão para Rescisão
A70: 3 | B70: Provisão para Rescisão | J70: Valor (R$)
A71: A | B71: Aviso Prévio Indenizado Aviso-prévio indenizado Cálculo do valor = {Rem/12 + 13º/12=(Rem/12)/12 + Férias/12=(Rem/12)/12 + (1/3xFérias)/12=1/3x[(Rem/12)/12]} x (30/30=1) x 5% de rotatividade anual - Os reflexos de 13º, F e 1/3F são referentes a 1 mês de APInd - Na prorrogação, poderão ser considerados 3 dias conforme Lei nº 12.506/2011, dependendo da análise do nº de ocorrências deste evento no período | J71: =ROUND((($J$26/12)+($J$31/12)+($J$26/12/12)+($J$32/12))*(30/30)*0.05,2) -> 18.71
A72: B | B72: Incidência do FGTS sobre o Aviso Prévio Indenizado | J72: =ROUND($J$71*I46,2) -> 1.5
A73: C | B73: Multa do FGTS e contribuição social sobre o Aviso Prévio Indenizado Obrigatória a cotação de 0,24% sobre o valor do Módulo 1 – Composição da Remuneração, conforme Anexo XII da IN Seges nº 5/2017 (0,19% + 3,81% = 4,0%) - (Lei 13.932, de 11 de dezembro de 2019) | I73: 0.0019 | J73: =ROUND($J$26*I73,2) -> 7.13
A74: D | B74: Aviso Prévio Trabalhado (negociar extinção/redução na 1ª prorrogação) Cálculo do valor= [(Rem/30)x7]/12 meses do contratox90% dos empregados - ao final do contrato | J74: =ROUND(((($J$26/30)*7)/$H$10)*0.9,2) -> 65.67
A75: E | B75: Incidência dos encargos do Submódulo 2.2 sobre o Aviso Prévio Trabalhado | J75: =ROUND($I$47*J74,2) -> 24.17
A76: F | B76: Multa do FGTS e contribuição social sobre o Aviso Prévio Trabalhado Obrigatória a cotação de 4,76% sobre o valor do Módulo 1 – Composição da Remuneração, conforme Anexo XII da IN Seges nº 5/2017 (3,81%+0,19% = 4,0%) - (Lei 13.932, de 11 de dezembro de 2019) | I76: 0.0381 | J76: =ROUND($J$26*I76,2) -> 142.98
A77: Total | J77: =SUM(J71:J76) -> 260.16
A79: Módulo 4 - Custo de Reposição do Profissional Ausente
A80: Base de cálculo para o Custo de Reposição do Profissional Ausente (substituto): BCCPA = Rem + 13º + Férias + 1/3Férias | J80: =J83+J26+J31+J32 -> 4519.43
A82: 4.1 | B82: Ausências Legais | J82: Valor (R$)
A83: A | B83: Férias | I83: 0.09075 | J83: =ROUND(($J$26*I83),2) -> 340.56
A84: B | B84: Ausências Legais Cálculo do valor = [(BCCPA/30)x2,96dias]/12 | J84: =ROUND((($J$80/30)*2.96)/12,2) -> 37.16
A85: C | B85: Licença-Paternidade Cálculo do valor = {[(BCCPA/30)x5dias]/12}x1,5% | J85: =ROUND((($J$80/30)*5)/12*0.015,2) -> 0.94
A86: D | B86: Ausência por acidente de trabalho Cálculo do valor = {[(BCCPA/30)x15dias]/12}x0,78% | J86: =ROUND(((($J$80/30)*15)/12)*0.0078,2) -> 1.47
A87: E | B87: Afastamento Maternidade Cálculo do valor = {[(Rem+1/3Rem)/12]x(4/12)}x2% | J87: =ROUND(((($J$26+$J$26/3)*4/12)/12)*0.02,2) -> 2.78
A88: F | B88: (Outros) Ausência por doença Cálculo do valor = [(BCCPA)/30)x5dias]/12 | J88: =ROUND(((($J$80/30)*5)/12),2) -> 62.77
A89: Total | J89: =SUM(J83:J88) -> 445.68
A90: G | B90: Incidência dos encargos do Submódulo 2.2 sobre o total do Submódulo 4.1 | J90: =ROUND(I47*J89,2) -> 164.01
A91: Total | J91: =SUM(J89:J90) -> 609.69
A92: Submódulo 4.2 – Intrajornada
A93: 4.2 | B93: Intrajornada | J93: Valor (R$)
A94: A | B94: Intervalo para repouso ou alimentação | J94: 0
A95: Total | J95: 0
A96: B | B96: Incidência dos encargos do Submódulo 2.2 sobre o total do Submódulo 4.2 | J96: =ROUND(I47*J95,2) -> 0
A97: Total | J97: =SUM(J95:J96) -> 0
A99: Quadro-Resumo do Módulo 4 – Custo de Reposição do Profissional Ausente
A100: 4 | B100: Custo de Reposição do Profissional Ausente | J100: Valor (R$)
A101: 4.1 | B101: Ausências Legais | J101: =J91 -> 609.69
A102: 4.2 | B102: Intrajornada | J102: =J97 -> 0
A103: Total | J103: =SUM(J101+J102) -> 609.69
A105: Módulo 5 – Insumos Diversos
A106: 5 | B106: Insumos diversos | J106: Valor (R$)
A107: A | B107: Uniformes | J107: 0
A108: B
A109: C | B109: Equipamentos | J109: 0
A110: D | B110: Outros (especificar) | J110: 0.00
A111: Total | J111: =SUM(J107:J110) -> 0
A113: Módulo 6 - Custos Indiretos, Lucro e Tributos
...

Sheet Psicopedagogo - Sapucaia
A1: Psicopedagogo - Regime de Tributação: Lucro Real
A2: ANEXO ---- do Pregão IFSul nº XX/2022 – Câmpus XXXXX PLANILHA DE CUSTOS E FORMAÇÃO DE PREÇOS
A3: Nº do processo: | H3: XXXX
A4: Licitação nº:
A5: Dia:
A6: DISCRIMINAÇÃO DOS SERVIÇOS (DADOS REFERENTES À CONTRATAÇÃO)
A7: A | B7: Data de apresentação da proposta (dia/mês/ano)
A8: B | B8: Município/UF | H8: Sapucaia do Sul/RS
A9: C | B9: Ano do Acordo, Convenção ou Dissídio Coletivo | H9: SECRASO/RS - RS001505/2021
A10: D | B10: Número de meses de execução contratual | H10: 12
A11: IDENTIFICAÇÃO DO SERVIÇO
A12: 1. MÓDULOS Mão de obra Mão de obra vinculada à execução contratual
A15: Dados para composição dos custos referente à mão de obra
A16: 1 | B16: Tipo de Serviço (mesmo serviço com características distintas) | H16: Psicopedagogo
A17: 2 | B17: Classificação Brasileira de Ocupações (CBO) | H17: 2394-25
A18: 3 | B18: Salário Normativo da Categoria Profissional - para a jornada de 44 h/sem | H18: 4128.02
A19: 4 | B19: Categoria Profissional (vinculada à execução contratual) | H19: Psicopedagogo
A20: 5 | B20: Data-Base da Categoria (dia/mês/ano) | H20: 44287
A22: Módulo 1: Composição da Remuneração
A23: 1 | B23: Composição da Remuneração | H23: Percentual (R$) | J23: Valor (R$)
A24: A | B24: Salário-Base (valor para somente 1 Psicopedagogo (a) - 40h/semanais) | J24: 3752.75
A25: B | B25: Adicional de Insalubridade (cláusula 20 da CCT/2021) | J25: =ROUND(I25*H18,2) -> 0
A26: Total | J26: =SUM(J24:J25) -> 3752.75
A28: Módulo 2 – Encargos e Benefícios Anuais, Mensais e Diários
A29: Submódulo 2.1 – 13º (décimo terceiro) Salário e Adicional de Férias
A30: 2.1 | B30: 13º (décimo terceiro) Salário e Adicional de Férias | J30: Valor (R$)
A31: A | B31: 13º (décimo terceiro) Salário Obrigatória a cotação de 8,33% sobre o valor do Módulo 1 – Composição da Remuneração, conforme Anexo XII da IN 5/17 | I31: 0.0833 | J31: =ROUND($J$26*I31,2) -> 312.6
A32: B | B32: Adicional de Férias Obrigatória a cotação de 3,025% sobre o valor do Módulo 1 – Composição da Remuneração, conforme Anexo XII da IN 5/17 (Férias + Adicional = 9,075% + 3,025% = 12,10%) | I32: 0.03025 | J32: =ROUND($J$26*I32,2) -> 113.52
A33: Total | J33: =SUM(J31+J32) -> 426.12
A34: C | B34: Incidência dos encargos do Submódulo 2.2 sobre o total do Submódulo 2.1 | J34: =ROUND(I47*J33,2) -> 156.81
A35: Total | J35: =J33+J34 -> 582.93
A37: Submódulo 2.2 - Encargos Previdenciários (GPS), Fundo de Garantia por Tempo de Serviço (FGTS) e outras contribuições
A38: 2.2 | B38: GPS, FGTS e outras contribuições | I38: Percentual (%) | J38: Valor (R$)
A39: A | B39: INSS | I39: 0.2 | J39: =ROUND($J$26*I39,2) -> 750.55
A40: B | B40: Salário Educação | I40: 0.025 | J40: =ROUND($J$26*I40,2) -> 93.82
A41: C | B41: RAT x FAP | E41: RAT = | F41: 0.03 | G41: FAP = | H41: 1 | I41: =ROUND((F41*H41),6) -> 0.03 | J41: =ROUND($J$26*I41,2) -> 112.58
A42: D | B42: SESC ou SESI | I42: 0.015 | J42: =ROUND($J$26*I42,2) -> 56.29
A43: E | B43: SENAC ou SENAI | I43: 0.01 | J43: =ROUND($J$26*I43,2) -> 37.53
A44: F | B44: SEBRAE | I44: 0.006 | J44: =ROUND($J$26*I44,2) -> 22.52
A45: G | B45: INCRA | I45: 0.002 | J45: =ROUND($J$26*I45,2) -> 7.51
A46: H | B46: FGTS | I46: 0.08 | J46: =ROUND($J$26*I46,2) -> 300.22
A47: Total | I47: =SUM(I39:I46) -> 0.368 | J47: =SUM(J39:J46) -> 1381.02
A49: Submódulo 2.3 – Benefícios Mensais e Diários
A50: 2.3 | B50: Benefícios Mensais e Diários | J50: Valor (R$)
A51: A | B51: Transporte Cálculo do valor: [(2xVTx22) – (6%xSB)] | J51: =IF(ROUND((I54*I52*I53)-(J24*0.06),2)<0,0,ROUND((I54*I52*I53)-(J24*0.06),2))*1+(I52*I53*21.726-0.06*J24)*0 -> 0
B52: A.1) Valor da passagem do transporte coletivo no município de prestação dos serviços: Decreto nº 045, de 15 de março de 2019 | I52: 4.7 | J52: -
B53: A.2) Quantidade de passagens por dia por empregado: | I53: 2
B54: A.3) Quantidade de dias do mês de recebimento de passagens | I54: 22
A55: B | B55: Auxílio-Alimentação Cálculo do valor = [(22xAA)x(1-0,20)] | J55: =ROUND(I57*I56*(1-0.2),2)*1+ROUND(21.726*6*(1-0.2),2)*0 -> 244.64
B56: B.1) Valor do AuxilioAlimentação (clausula 22 da CCT 2021): | I56: 13.9 | J56: -
B57: B.2) Quantidade de dias do mês de recebimento de auxílio-lanche | I57: 22
A58: C | B58: Seguro contra riscos de acidente de trabalho
A59: D
A60: Total | J60: =SUM(J51:J59) -> 244.64
A62: Quadro-Resumo do Módulo 2 – Encargos e Benefícios Anuais, Mensais e Diários
A63: 2 | B63: Encargos e Benefícios Anuais, Mensais e Diários | J63: Valor (R$)
A64: 2.1 | C64: 13º (décimo terceiro) Salário e Adicional de Férias | J64: =J35 -> 582.93
A65: 2.2 | C65: GPS, FGTS e outras contribuições | J65: =J47 -> 1381.02
A66: 2.3 | C66: Benefícios Mensais e Diários | J66: =J60 -> 244.64
A67: Total | J67: =SUM(J64+J65+J66) -> 2208.59
A69: Módulo 3 - Provisão para Rescisão
A70: 3 | B70: Provisão para Rescisão | J70: Valor (R$)
A71: A | B71: Aviso Prévio Indenizado Aviso-prévio indenizado Cálculo do valor = {Rem/12 + 13º/12=(Rem/12)/12 + Férias/12=(Rem/12)/12 + (1/3xFérias)/12=1/3x[(Rem/12)/12]} x (30/30=1) x 5% de rotatividade anual - Os reflexos de 13º, F e 1/3F são referentes a 1 mês de APInd - Na prorrogação, poderão ser considerados 3 dias conforme Lei nº 12.506/2011, dependendo da análise do nº de ocorrências deste evento no período | J71: =ROUND((($J$26/12)+($J$31/12)+($J$26/12/12)+($J$32/12))*(30/30)*0.05,2) -> 18.71
A72: B | B72: Incidência do FGTS sobre o Aviso Prévio Indenizado | J72: =ROUND($J$71*I46,2) -> 1.5
A73: C | B73: Multa do FGTS e contribuição social sobre o Aviso Prévio Indenizado Obrigatória a cotação de 0,24% sobre o valor do Módulo 1 – Composição da Remuneração, conforme Anexo XII da IN Seges nº 5/2017 (0,19% + 3,81% = 4,0%) - (Lei 13.932, de 11 de dezembro de 2019) | I73: 0.0019 | J73: =ROUND($J$26*I73,2) -> 7.13
A74: D | B74: Aviso Prévio Trabalhado (negociar extinção/redução na 1ª prorrogação) Cálculo do valor= [(Rem/30)x7]/12 meses do contratox90% dos empregados - ao final do contrato | J74: =ROUND(((($J$26/30)*7)/$H$10)*0.9,2) -> 65.67
A75: E | B75: Incidência dos encargos do Submódulo 2.2 sobre o Aviso Prévio Trabalhado | J75: =ROUND($I$47*J74,2) -> 24.17
A76: F | B76: Multa do FGTS e contribuição social sobre o Aviso Prévio Trabalhado Obrigatória a cotação de 4,76% sobre o valor do Módulo 1 – Composição da Remuneração, conforme Anexo XII da IN Seges nº 5/2017 (3,81%+0,19% = 4,0%) - (Lei 13.932, de 11 de dezembro de 2019) | I76: 0.0381 | J76: =ROUND($J$26*I76,2) -> 142.98
A77: Total | J77: =SUM(J71:J76) -> 260.16
A79: Módulo 4 - Custo de Reposição do Profissional Ausente
A80: Base de cálculo para o Custo de Reposição do Profissional Ausente (substituto): BCCPA = Rem + 13º + Férias + 1/3Férias | J80: =J83+J26+J31+J32 -> 4519.43
A82: 4.1 | B82: Ausências Legais | J82: Valor (R$)
A83: A | B83: Férias | I83: 0.09075 | J83: =ROUND(($J$26*I83),2) -> 340.56
A84: B | B84: Ausências Legais Cálculo do valor = [(BCCPA/30)x2,96dias]/12 | J84: =ROUND((($J$80/30)*2.96)/12,2) -> 37.16
A85: C | B85: Licença-Paternidade Cálculo do valor = {[(BCCPA/30)x5dias]/12}x1,5% | J85: =ROUND((($J$80/30)*5)/12*0.015,2) -> 0.94
A86: D | B86: Ausência por acidente de trabalho Cálculo do valor = {[(BCCPA/30)x15dias]/12}x0,78% | J86: =ROUND(((($J$80/30)*15)/12)*0.0078,2) -> 1.47
A87: E | B87: Afastamento Maternidade Cálculo do valor = {[(Rem+1/3Rem)/12]x(4/12)}x2% | J87: =ROUND(((($J$26+$J$26/3)*4/12)/12)*0.02,2) -> 2.78
A88: F | B88: (Outros) Ausência por doença Cálculo do valor = [(BCCPA)/30)x5dias]/12 | J88: =ROUND(((($J$80/30)*5)/12),2) -> 62.77
A89: Total | J89: =SUM(J83:J88) -> 445.68
A90: G | B90: Incidência dos encargos do Submódulo 2.2 sobre o total do Submódulo 4.1 | J90: =ROUND(I47*J89,2) -> 164.01
A91: Total | J91: =SUM(J89:J90) -> 609.69
A92: Submódulo 4.2 – Intrajornada
A93: 4.2 | B93: Intrajornada | J93: Valor (R$)
A94: A | B94: Intervalo para repouso ou alimentação | J94: 0
A95: Total | J95: 0
A96: B | B96: Incidência dos encargos do Submódulo 2.2 sobre o total do Submódulo 4.2 | J96: =ROUND(I47*J95,2) -> 0
A97: Total | J97: =SUM(J95:J96) -> 0
A99: Quadro-Resumo do Módulo 4 – Custo de Reposição do Profissional Ausente
A100: 4 | B100: Custo de Reposição do Profissional Ausente | J100: Valor (R$)
A101: 4.1 | B101: Ausências Legais | J101: =J91 -> 609.69
A102: 4.2 | B102: Intrajornada | J102: =J97 -> 0
A103: Total | J103: =SUM(J101+J102) -> 609.69
A105: Módulo 5 – Insumos Diversos
A106: 5 | B106: Insumos diversos | J106: Valor (R$)
A107: A | B107: Uniformes | J107: 0
A108: B
A109: C | B109: Equipamentos | J109: 0
A110: D | B110: Outros (especificar) | J110: 0.00
A111: Total | J111: =SUM(J107:J110) -> 0
A113: Módulo 6 - Custos Indiretos, Lucro e Tributos
...

Sheet Psicopedagogo - Venâncio
A1: Psicopedagogo - Regime de Tributação: Lucro Real
A2: ANEXO ---- do Pregão IFSul nº XX/2022 – Câmpus XXXXX PLANILHA DE CUSTOS E FORMAÇÃO DE PREÇOS
A3: Nº do processo: | H3: XXXX
A4: Licitação nº:
A5: Dia:
A6: DISCRIMINAÇÃO DOS SERVIÇOS (DADOS REFERENTES À CONTRATAÇÃO)
A7: A | B7: Data de apresentação da proposta (dia/mês/ano)
A8: B | B8: Município/UF | H8: Venâncio Aires/RS
A9: C | B9: Ano do Acordo, Convenção ou Dissídio Coletivo | H9: SECRASO/RS - RS001505/2021
A10: D | B10: Número de meses de execução contratual | H10: 12
A11: IDENTIFICAÇÃO DO SERVIÇO
A12: 1. MÓDULOS Mão de obra Mão de obra vinculada à execução contratual
A15: Dados para composição dos custos referente à mão de obra
A16: 1 | B16: Tipo de Serviço (mesmo serviço com características distintas) | H16: Psicopedagogo
A17: 2 | B17: Classificação Brasileira de Ocupações (CBO) | H17: 2394-25
A18: 3 | B18: Salário Normativo da Categoria Profissional - para a jornada de 44 h/sem | H18: 4128.02
A19: 4 | B19: Categoria Profissional (vinculada à execução contratual) | H19: Psicopedagogo
A20: 5 | B20: Data-Base da Categoria (dia/mês/ano) | H20: 44287
A22: Módulo 1: Composição da Remuneração
A23: 1 | B23: Composição da Remuneração | H23: Percentual (R$) | J23: Valor (R$)
A24: A | B24: Salário-Base (valor para somente 1 Psicopedagogo (a) - 40h/semanais) | J24: 3752.75
A25: B | B25: Adicional de Insalubridade (cláusula 20 da CCT/2021) | J25: =ROUND(I25*H18,2) -> 0
A26: Total | J26: =SUM(J24:J25) -> 3752.75
A28: Módulo 2 – Encargos e Benefícios Anuais, Mensais e Diários
A29: Submódulo 2.1 – 13º (décimo terceiro) Salário e Adicional de Férias
A30: 2.1 | B30: 13º (décimo terceiro) Salário e Adicional de Férias | J30: Valor (R$)
A31: A | B31: 13º (décimo terceiro) Salário Obrigatória a cotação de 8,33% sobre o valor do Módulo 1 – Composição da Remuneração, conforme Anexo XII da IN 5/17 | I31: 0.0833 | J31: =ROUND($J$26*I31,2) -> 312.6
A32: B | B32: Adicional de Férias Obrigatória a cotação de 3,025% sobre o valor do Módulo 1 – Composição da Remuneração, conforme Anexo XII da IN 5/17 (Férias + Adicional = 9,075% + 3,025% = 12,10%) | I32: 0.03025 | J32: =ROUND($J$26*I32,2) -> 113.52
A33: Total | J33: =SUM(J31+J32) -> 426.12
A34: C | B34: Incidência dos encargos do Submódulo 2.2 sobre o total do Submódulo 2.1 | J34: =ROUND(I47*J33,2) -> 156.81
A35: Total | J35: =J33+J34 -> 582.93
A37: Submódulo 2.2 - Encargos Previdenciários (GPS), Fundo de Garantia por Tempo de Serviço (FGTS) e outras contribuições
A38: 2.2 | B38: GPS, FGTS e outras contribuições | I38: Percentual (%) | J38: Valor (R$)
A39: A | B39: INSS | I39: 0.2 | J39: =ROUND($J$26*I39,2) -> 750.55
A40: B | B40: Salário Educação | I40: 0.025 | J40: =ROUND($J$26*I40,2) -> 93.82
A41: C | B41: RAT x FAP | E41: RAT = | F41: 0.03 | G41: FAP = | H41: 1 | I41: =ROUND((F41*H41),6) -> 0.03 | J41: =ROUND($J$26*I41,2) -> 112.58
A42: D | B42: SESC ou SESI | I42: 0.015 | J42: =ROUND($J$26*I42,2) -> 56.29
A43: E | B43: SENAC ou SENAI | I43: 0.01 | J43: =ROUND($J$26*I43,2) -> 37.53
A44: F | B44: SEBRAE | I44: 0.006 | J44: =ROUND($J$26*I44,2) -> 22.52
A45: G | B45: INCRA | I45: 0.002 | J45: =ROUND($J$26*I45,2) -> 7.51
A46: H | B46: FGTS | I46: 0.08 | J46: =ROUND($J$26*I46,2) -> 300.22
A47: Total | I47: =SUM(I39:I46) -> 0.368 | J47: =SUM(J39:J46) -> 1381.02
A49: Submódulo 2.3 – Benefícios Mensais e Diários
A50: 2.3 | B50: Benefícios Mensais e Diários | J50: Valor (R$)
A51: A | B51: Transporte Cálculo do valor: [(2xVTx22) – (6%xSB)] | J51: =IF(ROUND((I54*I52*I53)-(J24*0.06),2)<0,0,ROUND((I54*I52*I53)-(J24*0.06),2))*1+(I52*I53*21.726-0.06*J24)*0 -> 0
B52: A.1) Valor da passagem do transporte coletivo no município de prestação dos serviços: Decreto nº 045, de 15 de março de 2019 | I52: 4.55 | J52: -
B53: A.2) Quantidade de passagens por dia por empregado: | I53: 2
B54: A.3) Quantidade de dias do mês de recebimento de passagens | I54: 22
A55: B | B55: Auxílio-Alimentação Cálculo do valor = [(22xAA)x(1-0,20)] | J55: =ROUND(I57*I56*(1-0.2),2)*1+ROUND(21.726*6*(1-0.2),2)*0 -> 244.64
B56: B.1) Valor do AuxilioAlimentação (clausula 22 da CCT 2021): | I56: 13.9 | J56: -
B57: B.2) Quantidade de dias do mês de recebimento de auxílio-lanche | I57: 22
A58: C | B58: Seguro contra riscos de acidente de trabalho
A59: D
A60: Total | J60: =SUM(J51:J59) -> 244.64
A62: Quadro-Resumo do Módulo 2 – Encargos e Benefícios Anuais, Mensais e Diários
A63: 2 | B63: Encargos e Benefícios Anuais, Mensais e Diários | J63: Valor (R$)
A64: 2.1 | C64: 13º (décimo terceiro) Salário e Adicional de Férias | J64: =J35 -> 582.93
A65: 2.2 | C65: GPS, FGTS e outras contribuições | J65: =J47 -> 1381.02
A66: 2.3 | C66: Benefícios Mensais e Diários | J66: =J60 -> 244.64
A67: Total | J67: =SUM(J64+J65+J66) -> 2208.59
A69: Módulo 3 - Provisão para Rescisão
A70: 3 | B70: Provisão para Rescisão | J70: Valor (R$)
A71: A | B71: Aviso Prévio Indenizado Aviso-prévio indenizado Cálculo do valor = {Rem/12 + 13º/12=(Rem/12)/12 + Férias/12=(Rem/12)/12 + (1/3xFérias)/12=1/3x[(Rem/12)/12]} x (30/30=1) x 5% de rotatividade anual - Os reflexos de 13º, F e 1/3F são referentes a 1 mês de APInd - Na prorrogação, poderão ser considerados 3 dias conforme Lei nº 12.506/2011, dependendo da análise do nº de ocorrências deste evento no período | J71: =ROUND((($J$26/12)+($J$31/12)+($J$26/12/12)+($J$32/12))*(30/30)*0.05,2) -> 18.71
A72: B | B72: Incidência do FGTS sobre o Aviso Prévio Indenizado | J72: =ROUND($J$71*I46,2) -> 1.5
A73: C | B73: Multa do FGTS e contribuição social sobre o Aviso Prévio Indenizado Obrigatória a cotação de 0,24% sobre o valor do Módulo 1 – Composição da Remuneração, conforme Anexo XII da IN Seges nº 5/2017 (0,19% + 3,81% = 4,0%) - (Lei 13.932, de 11 de dezembro de 2019) | I73: 0.0019 | J73: =ROUND($J$26*I73,2) -> 7.13
A74: D | B74: Aviso Prévio Trabalhado (negociar extinção/redução na 1ª prorrogação) Cálculo do valor= [(Rem/30)x7]/12 meses do contratox90% dos empregados - ao final do contrato | J74: =ROUND(((($J$26/30)*7)/$H$10)*0.9,2) -> 65.67
A75: E | B75: Incidência dos encargos do Submódulo 2.2 sobre o Aviso Prévio Trabalhado | J75: =ROUND($I$47*J74,2) -> 24.17
A76: F | B76: Multa do FGTS e contribuição social sobre o Aviso Prévio Trabalhado Obrigatória a cotação de 4,76% sobre o valor do Módulo 1 – Composição da Remuneração, conforme Anexo XII da IN Seges nº 5/2017 (3,81%+0,19% = 4,0%) - (Lei 13.932, de 11 de dezembro de 2019) | I76: 0.0381 | J76: =ROUND($J$26*I76,2) -> 142.98
A77: Total | J77: =SUM(J71:J76) -> 260.16
A79: Módulo 4 - Custo de Reposição do Profissional Ausente
A80: Base de cálculo para o Custo de Reposição do Profissional Ausente (substituto): BCCPA = Rem + 13º + Férias + 1/3Férias | J80: =J83+J26+J31+J32 -> 4519.43
A82: 4.1 | B82: Ausências Legais | J82: Valor (R$)
A83: A | B83: Férias | I83: 0.09075 | J83: =ROUND(($J$26*I83),2) -> 340.56
A84: B | B84: Ausências Legais Cálculo do valor = [(BCCPA/30)x2,96dias]/12 | J84: =ROUND((($J$80/30)*2.96)/12,2) -> 37.16
A85: C | B85: Licença-Paternidade Cálculo do valor = {[(BCCPA/30)x5dias]/12}x1,5% | J85: =ROUND((($J$80/30)*5)/12*0.015,2) -> 0.94
A86: D | B86: Ausência por acidente de trabalho Cálculo do valor = {[(BCCPA/30)x15dias]/12}x0,78% | J86: =ROUND(((($J$80/30)*15)/12)*0.0078,2) -> 1.47
A87: E | B87: Afastamento Maternidade Cálculo do valor = {[(Rem+1/3Rem)/12]x(4/12)}x2% | J87: =ROUND(((($J$26+$J$26/3)*4/12)/12)*0.02,2) -> 2.78
A88: F | B88: (Outros) Ausência por doença Cálculo do valor = [(BCCPA)/30)x5dias]/12 | J88: =ROUND(((($J$80/30)*5)/12),2) -> 62.77
A89: Total | J89: =SUM(J83:J88) -> 445.68
A90: G | B90: Incidência dos encargos do Submódulo 2.2 sobre o total do Submódulo 4.1 | J90: =ROUND(I47*J89,2) -> 164.01
A91: Total | J91: =SUM(J89:J90) -> 609.69
A92: Submódulo 4.2 – Intrajornada
A93: 4.2 | B93: Intrajornada | J93: Valor (R$)
A94: A | B94: Intervalo para repouso ou alimentação | J94: 0
A95: Total | J95: 0
A96: B | B96: Incidência dos encargos do Submódulo 2.2 sobre o total do Submódulo 4.2 | J96: =ROUND(I47*J95,2) -> 0
A97: Total | J97: =SUM(J95:J96) -> 0
A99: Quadro-Resumo do Módulo 4 – Custo de Reposição do Profissional Ausente
A100: 4 | B100: Custo de Reposição do Profissional Ausente | J100: Valor (R$)
A101: 4.1 | B101: Ausências Legais | J101: =J91 -> 609.69
A102: 4.2 | B102: Intrajornada | J102: =J97 -> 0
A103: Total | J103: =SUM(J101+J102) -> 609.69
A105: Módulo 5 – Insumos Diversos
A106: 5 | B106: Insumos diversos | J106: Valor (R$)
A107: A | B107: Uniformes | J107: 0
A108: B
A109: C | B109: Equipamentos | J109: 0
A110: D | B110: Outros (especificar) | J110: 0.00
A111: Total | J111: =SUM(J107:J110) -> 0
A113: Módulo 6 - Custos Indiretos, Lucro e Tributos
...
